Workbook

Sheet FY24 Proposed Managerial
D2: FY24 | F2: compare Managerial to Department | H2: compare Managerial to Department | J2: FY23 | L2: COMMENTS
A3: ORG | B3: OBJ | C3: ACCOUNT DESCRIPTION | D3: FY24 Projected Managerial Budget Appropriation | F3: % Change between Department Head Budget Appropriation and Managerial Budget Appropriation | H3: $ Change between Department Head Budget Appropriation and Managerial Budget Appropriation | J3: FY23 Approved Budget Appropriation
A4: 12020500 | B4: 50108 | C4: Elected Officals | D4: 22583 | F4: =H4/J4 -> 0.15762764 | H4: =D4-J4 -> 3075 | J4: 19508 | M4: general gov | N4: personnel
A5: 12020500 | B5: 50202 | C5: Workers Comp Insurance | D5: =ROUNDUP((91.23),0) -> 92 | F5: =H5/J5 -> 0.61403509 | H5: =D5-J5 -> 35 | J5: 57 | M5: general gov | N5: personnel
A6: 12020500 | B6: 50230 | C6: FICA Employer Costs | D6: =D4*0.0765 -> 1727.5995 | F6: =H6/J6 -> 0.15790851 | H6: =D6-J6 -> 235.5995 | J6: 1492 | M6: general gov | N6: personnel
A7: 12020500 | B7: 50301 | C7: Office Supplies | D7: 250 | F7: =H7/J7 -> -0.5 | H7: =D7-J7 -> -250 | J7: 500 | M7: general gov | N7: rm op
A8: 12020500 | B8: 50305 | C8: Books and Periodicals | D8: 150 | F8: 1 | H8: =D8-J8 -> 150 | J8: 0 | M8: general gov | N8: rm op
A9: 12020500 | B9: 50306 | C9: Postage | D9: 50 | F9: =H9/J9 -> 0 | H9: =D9-J9 -> 0 | J9: 50 | M9: general gov | N9: rm op
A10: 12020500 | B10: 50307 | C10: Advertising | D10: 0 | F10: =H10/J10 -> -1 | H10: =D10-J10 -> -800 | J10: 800 | M10: general gov | N10: rm op
A11: 12020500 | B11: 50401 | C11: Professional Development | D11: 500 | F11: =H11/J11 -> 0 | H11: =D11-J11 -> 0 | J11: 500 | M11: general gov | N11: personnel
A12: 12020500 | B12: 50960 | C12: Employee Recognition | D12: =5000+1200 -> 6200 | F12: =H12/J12 -> 0.24 | H12: =D12-J12 -> 1200 | J12: 5000 | L12: employee recognition (season tickets) | M12: general gov | N12: personnel
C14: Total 12050500 Elected Officals | D14: =SUM(D4:D12) -> 31552.6 | F14: =H14/J14 -> 0.13063387 | H14: =SUM(H4:H12) -> 3645.5995 | J14: =SUM(J4:J12) -> 27907 | M14: general gov
A16: 12021000 | B16: 50101 | C16: Town Manager | D16: 113300 | F16: =H16/J16 -> 0.018701672 | H16: =D16-J16 -> 2080 | J16: 111220 | L16: 3% COLA | M16: general gov | N16: personnel
A17: 12021000 | B17: 50104 | C17: Non Supervisory | D17: =ROUNDUP((177841.52),0) -> 177842 | F17: =H17/J17 -> 0.071305081 | H17: =D17-J17 -> 11837 | J17: 166005 | L17: 3% COLA - FILLED POSITIONS WERE LESS THAN FY23 BUDGET | M17: general gov | N17: personnel
A18: 12021000 | B18: 50107 | C18: Administrative | D18: =ROUNDUP((48734.4),0) -> 48735 | F18: =H18/J18 -> 0.065013112 | H18: =D18-J18 -> 2975 | J18: 45760 | L18: 3% COLA | M18: general gov | N18: personnel
A19: 12021000 | B19: 50201 | C19: Unemployment Costs | D19: =ROUNDUP((235.2),0) -> 236 | F19: =H19/J19 -> -0.20805369 | H19: =D19-J19 -> -62 | J19: 298 | M19: general gov | N19: personnel
A20: 12021000 | B20: 50202 | C20: Workers Comp Insurance | D20: =ROUNDUP((4849.82),0) -> 4850 | F20: =H20/J20 -> 0.37315968 | H20: =D20-J20 -> 1318 | J20: 3532 | M20: general gov | N20: personnel
A21: 12021000 | B21: 50210 | C21: MEPERS - Employer Share | D21: =(D18+D17+D16)*0.102 -> 34667.454 | F21: =H21/J21 -> 0.052314655 | H21: =D21-J21 -> 1723.454 | J21: 32944 | M21: general gov | N21: personnel
A22: 12021000 | B22: 50220 | C22: Health Insurance | D22: =ROUNDUP((30774.57),0) -> 30775 | F22: =H22/J22 -> -0.5185388 | H22: =D22-J22 -> -33145 | J22: 63920 | M22: general gov | N22: personnel
A23: 12021000 | B23: 50230 | C23: FICA Employer Costs | D23: =(D18+D17+D16)*0.102 -> 34667.454 | F23: =H23/J23 -> 0.40308621 | H23: =D23-J23 -> 9959.454 | J23: 24708 | M23: general gov | N23: personnel
A24: 12021000 | B24: 50301 | C24: Office Supplies | D24: 2000 | F24: =H24/J24 -> 0 | H24: =D24-J24 -> 0 | J24: 2000 | M24: general gov | N24: rm op
A25: 12021000 | B25: 50306 | C25: Postage | D25: 75 | F25: =H25/J25 -> -0.75 | H25: =D25-J25 -> -225 | J25: 300 | M25: general gov | N25: rm op
A26: 12021000 | B26: 50307 | C26: Advertising | D26: 1000 | F26: =H26/J26 -> 0 | H26: =D26-J26 -> 0 | J26: 1000 | M26: general gov | N26: rm op
A27: 12021000 | B27: 50352 | C27: Cell Phone/Allowances | D27: 1260 | F27: =H27/J27 -> 0 | H27: =D27-J27 -> 0 | J27: 1260 | M27: general gov | N27: rm op
A28: 12021000 | B28: 50401 | C28: Professional Development | D28: 7000 | F28: =H28/J28 -> 0.75 | H28: =D28-J28 -> 3000 | J28: 4000 | M28: general gov | N28: personnel
A29: 12021000 | B29: 50402 | C29: Dues and Memberships | D29: 2000 | F29: =H29/J29 -> 19 | H29: =D29-J29 -> 1900 | J29: 100 | M29: general gov | N29: personnel
A30: 12021000 | B30: 50413 | C30: Mileage/ travel reimbursement | D30: 6020 | F30: =H30/J30 -> 1.0758621 | H30: =D30-J30 -> 3120 | J30: 2900 | M30: general gov | N30: personnel
A31: 12021000 | B31: 50451 | C31: Contracted Professional Svs | D31: 5000 | F31: 1 | H31: =D31-J31 -> 5000 | J31: 0 | L31: HR Consulting - Town Manager evaluations | M31: general gov | N31: contract
A32: 12021000 | B32: 50452 | C32: Audit services | D32: 12934 | F32: =H32/J32 -> 0.30199315 | H32: =D32-J32 -> 3000 | J32: 9934 | M32: general gov | N32: contract
C34: Total 12021000 Town Manager | D34: =SUM(D16:D32) -> 482361.91 | F34: =H34/J34 -> 0.026561849 | H34: =SUM(H16:H33) -> 12480.908 | J34: =SUM(J16:J32) -> 469881 | M34: general gov
A36: 12021500 | B36: 50108 | C36: Elected Officials | D36: =ROUNDUP((787.8),0) -> 788 | F36: =H36/J36 -> -0.0012674271 | H36: =D36-J36 -> -1 | J36: 789 | M36: general gov | N36: personnel
A37: 12021500 | B37: 50202 | C37: Workers Comp Insurance | D37: =ROUNDUP((3.69),0) -> 4 | F37: =H37/J37 -> 3 | H37: =D37-J37 -> 3 | J37: 1 | M37: general gov | N37: personnel
A38: 12021500 | B38: 50230 | C38: FICA Employer Costs | D38: =D36*0.0765 -> 60.282 | F38: =H38/J38 -> 0.0047 | H38: =D38-J38 -> 0.282 | J38: 60 | M38: general gov | N38: personnel
A39: 12021500 | B39: 50301 | C39: Office Supplies | D39: 50 | F39: =H39/J39 -> 0 | H39: =D39-J39 -> 0 | J39: 50 | M39: general gov | N39: rm op
A40: 12021500 | B40: 50306 | C40: Postage | D40: 50 | F40: =H40/J40 -> 0 | H40: =D40-J40 -> 0 | J40: 50 | M40: general gov | N40: rm op
A41: 12021500 | B41: 50307 | C41: Advertising | D41: 250 | F41: =H41/J41 -> 0 | H41: =D41-J41 -> 0 | J41: 250 | M41: general gov | N41: rm op
A42: 12021500 | B42: 50401 | C42: Professional Development | D42: 140 | F42: =H42/J42 -> 0 | H42: =D42-J42 -> 0 | J42: 140 | M42: general gov | N42: personnel
C44: Total 12021500 Appeals Board | D44: =SUM(D36:D42) -> 1342.282 | F44: =H44/J44 -> 0.0017029851 | H44: =SUM(H36:H42) -> 2.282 | J44: =SUM(J36:J42) -> 1340 | M44: general gov
A46: 12021600 | B46: 50108 | C46: Elected Officials | D46: =ROUNDUP((5249.52),0) -> 5250 | F46: =H46/J46 -> 0 | H46: =D46-J46 -> 0 | J46: 5250 | M46: general gov | N46: personnel
A47: 12021600 | B47: 50202 | C47: Workers Comp Insurance | D47: =ROUNDUP((24.56),0) -> 25 | F47: =H47/J47 -> 0.78571429 | H47: =D47-J47 -> 11 | J47: 14 | M47: general gov | N47: personnel
A48: 12021600 | B48: 50230 | C48: FICA Employer Costs | D48: =ROUNDUP((401.59),0) -> 402 | F48: =H48/J48 -> 0 | H48: =D48-J48 -> 0 | J48: 402 | M48: general gov | N48: personnel
A49: 12021600 | B49: 50301 | C49: Office Supplies | D49: 250 | F49: =H49/J49 -> 0 | H49: =D49-J49 -> 0 | J49: 250 | M49: general gov | N49: rm op
A50: 12021600 | B50: 50306 | C50: Postage | D50: 200 | F50: =H50/J50 -> 0.33333333 | H50: =D50-J50 -> 50 | J50: 150 | M50: general gov | N50: rm op
A51: 12021600 | B51: 50307 | C51: Advertising | D51: 1000 | F51: =H51/J51 -> 0.33333333 | H51: =D51-J51 -> 250 | J51: 750 | M51: general gov | N51: rm op
A52: 12021600 | B52: 50401 | C52: Professional Development | D52: 400 | F52: =H52/J52 -> 0 | H52: =D52-J52 -> 0 | J52: 400 | M52: general gov | N52: personnel
A53: 12021600 | B53: 50451 | C53: Contracted Professional Servic | D53: 25000 | F53: =H53/J53 -> 0 | H53: =D53-J53 -> 0 | J53: =15000+10000 -> 25000 | M53: general gov | N53: contract
C55: Total 12021600 Planning Board | D55: =SUM(D46:D53) -> 32527 | F55: =H55/J55 -> 0.0096535883 | H55: =SUM(H46:H53) -> 311 | J55: =SUM(J46:J53) -> 32216 | M55: general gov
A57: 12022000 | B57: 50450 | C57: Legal expense | D57: 70000 | F57: =H57/J57 -> 0 | H57: =D57-J57 -> 0 | J57: 70000 | M57: general gov | N57: contract
C59: Total 12022000 Legal | D59: =SUM(D57) -> 70000 | F59: =H59/J59 -> 0 | H59: =H57 -> 0 | J59: =J57 -> 70000 | M59: general gov
A61: 12022500 | B61: 50102 | C61: Department Head | D61: =ROUNDUP((64272),0) -> 64272 | F61: =H61/J61 -> 0 | H61: =D61-J61 -> 0 | J61: 64272 | M61: general gov | N61: personnel
A62: 12022500 | B62: 50104 | C62: Non Supervisory | D62: =ROUNDUP((51902.45),0) -> 51903 | F62: =H62/J62 -> 0.33718923 | H62: =D62-J62 -> 13088 | J62: 38815 | L62: CHANGE IN PERSONNEL AND 3% COLA | M62: general gov | N62: personnel
A63: 12022500 | B63: 50130 | C63: Temporary/seasonal | D63: =ROUNDUP((10000),0) -> 10000 | F63: =H63/J63 -> 0.25 | H63: =D63-J63 -> 2000 | J63: 8000 | M63: general gov | N63: personnel
A64: 12022500 | B64: 50140 | C64: Overtime wages | D64: =ROUNDUP((2600),0) -> 2600 | F64: =H64/J64 -> 0 | H64: =D64-J64 -> 0 | J64: 2600 | M64: general gov | N64: personnel
A65: 12022500 | B65: 50201 | C65: Unemployment Costs | D65: =ROUNDUP((238.14),0) -> 239 | F65: =H65/J65 -> 0.28494624 | H65: =D65-J65 -> 53 | J65: 186 | M65: general gov | N65: personnel
A66: 12022500 | B66: 50202 | C66: Workers Comp Insurance | D66: =ROUNDUP((602.45),0) -> 603 | F66: =H66/J66 -> 0.83841463 | H66: =D66-J66 -> 275 | J66: 328 | M66: general gov | N66: personnel
A67: 12022500 | B67: 50210 | C67: MEPERS - Employer Share | D67: =ROUNDUP((10329.67),0) -> 10330 | F67: =H67/J67 -> 0.010763209 | H67: =D67-J67 -> 110 | J67: 10220 | M67: general gov | N67: personnel
A68: 12022500 | B68: 50220 | C68: Health Insurance | D68: =ROUNDUP((14985.12),0) -> 14986 | F68: =H68/J68 -> -0.57863068 | H68: =D68-J68 -> -20579 | J68: 35565 | M68: general gov | N68: personnel
A69: 12022500 | B69: 50230 | C69: FICA Employer Costs | D69: =ROUNDUP((9851.25),0) -> 9852 | F69: =H69/J69 -> 0.13280442 | H69: =D69-J69 -> 1155 | J69: 8697 | M69: general gov | N69: personnel
A70: 12022500 | B70: 50301 | C70: Office Supplies | D70: 5300 | F70: =H70/J70 -> 1.65 | H70: =D70-J70 -> 3300 | J70: 2000 | M70: general gov | N70: rm op
A71: 12022500 | B71: 50306 | C71: Postage | D71: 4200 | F71: =H71/J71 -> 1.625 | H71: =D71-J71 -> 2600 | J71: 1600 | M71: general gov | N71: rm op
A72: 12022500 | B72: 50307 | C72: Advertising | D72: 1800 | F72: =H72/J72 -> 1.25 | H72: =D72-J72 -> 1000 | J72: 800 | M72: general gov | N72: rm op
A73: 12022500 | B73: 50308 | C73: Printing | D73: 5200 | F73: =H73/J73 -> 0.92592593 | H73: =D73-J73 -> 2500 | J73: 2700 | M73: general gov | N73: rm op
A74: 12022500 | B74: 50352 | C74: Cell Phone/Allowances | D74: 420 | F74: =H74/J74 -> 0 | H74: =D74-J74 -> 0 | J74: 420 | M74: general gov | N74: personnel
A75: 12022500 | B75: 50401 | C75: Professional Development | D75: 2000 | F75: =H75/J75 -> 0.11111111 | H75: =D75-J75 -> 200 | J75: 1800 | M75: general gov | N75: personnel
A76: 12022500 | B76: 50402 | C76: Dues and Memberships | D76: 400 | F76: =H76/J76 -> 0 | H76: =D76-J76 -> 0 | J76: 400 | M76: general gov | N76: personnel
A77: 12022500 | B77: 50412 | C77: Meals and Lodging | D77: 1010 | F77: =H77/J77 -> 0 | H77: =D77-J77 -> 0 | J77: 1010 | M77: general gov | N77: personnel
A78: 12022500 | B78: 50413 | C78: Mileage/ travel reimbursement | D78: 450 | F78: =H78/J78 -> 0 | H78: =D78-J78 -> 0 | J78: 450 | M78: general gov | N78: personnel
A79: 12022500 | B79: 50451 | C79: Contracted Professional Servic | D79: 2260 | F79: =H79/J79 -> 0.79365079 | H79: =D79-J79 -> 1000 | J79: 1260 | M79: general gov | N79: contract
A80: 12022500 | B80: 50455 | C80: Profesional Services | D80: 10450 | F80: =H80/J80 -> 0 | H80: =D80-J80 -> 0 | J80: 10450 | M80: general gov | N80: contract
A81: 12022500 | B81: 50536 | C81: R&M: Equipment | D81: 2800 | F81: =H81/J81 -> 0 | H81: =D81-J81 -> 0 | J81: 2800 | M81: general gov | N81: rm op
C83: Total 12022500 Clerk | D83: =SUM(D61:D81) -> 201075 | F83: =H83/J83 -> 0.034480098 | H83: =SUM(H61:H81) -> 6702 | J83: =SUM(J61:J81) -> 194373 | M83: general gov
A85: 12023000 | B85: 50102 | C85: Department Head | D85: =ROUNDUP((90280.74),0) -> 90281 | F85: =H85/J85 -> 0.030064122 | H85: =D85-J85 -> 2635 | J85: 87646 | L85: 3% COLA | M85: general gov | N85: personnel
A86: 12023000 | B86: 50104 | C86: Non Supervisory | D86: =ROUNDUP((94163.58),0) -> 94164 | F86: =H86/J86 -> 0.11583263 | H86: =D86-J86 -> 9775 | J86: 84389 | L86: 3% COLA - Finance Assistant/Payroll Specialist | M86: general gov | N86: personnel
A87: 12023000 | B87: 50140 | C87: Overtime wages | D87: 1500 | F87: =H87/J87 -> 2 | H87: =D87-J87 -> 1000 | J87: 500 | M87: general gov | N87: personnel
A88: 12023000 | B88: 50201 | C88: Unemployment Costs | D88: =ROUNDUP((176.4),0) -> 177 | F88: =H88/J88 -> -0.20982143 | H88: =D88-J88 -> -47 | J88: 224 | M88: general gov | N88: personnel
A89: 12023000 | B89: 50202 | C89: Workers Comp Insurance | D89: =ROUNDUP((869.91),0) -> 870 | F89: =H89/J89 -> 1.0327103 | H89: =D89-J89 -> 442 | J89: 428 | M89: general gov | N89: personnel
A90: 12023000 | B90: 50210 | C90: MEPERS - Employer Share | D90: =(D87+D86+D85)*0.102 -> 18966.39 | F90: =H90/J90 -> 0.080829154 | H90: =D90-J90 -> 1418.39 | J90: 17548 | M90: general gov | N90: personnel
A91: 12023000 | B91: 50220 | C91: Health Insurance | D91: 36471 | F91: =H91/J91 -> -0.21811555 | H91: =D91-J91 -> -10174 | J91: 46645 | M91: general gov | N91: personnel
A92: 12023000 | B92: 50230 | C92: FICA Employer Costs | D92: =ROUNDUP((14224.74),0) -> 14225 | F92: =H92/J92 -> 0.077733162 | H92: =D92-J92 -> 1026 | J92: 13199 | M92: general gov | N92: personnel
A93: 12023000 | B93: 50301 | C93: Office Supplies | D93: 3000 | F93: =H93/J93 -> 0 | H93: =D93-J93 -> 0 | J93: 3000 | M93: general gov | N93: rm op
A94: 12023000 | B94: 50306 | C94: Postage | D94: 1000 | F94: =H94/J94 -> 0.25 | H94: =D94-J94 -> 200 | J94: 800 | M94: general gov | N94: rm op
A95: 12023000 | B95: 50352 | C95: Cell Phone/Allowances | D95: 420 | F95: =H95/J95 -> 0 | H95: =D95-J95 -> 0 | J95: 420 | M95: general gov | N95: personnel
A96: 12023000 | B96: 50401 | C96: Professional Development | D96: 4400 | F96: =H96/J96 -> 0 | H96: =D96-J96 -> 0 | J96: 4400 | M96: general gov | N96: personnel
A97: 12023000 | B97: 50402 | C97: Dues and Memberships | D97: 500 | F97: =H97/J97 -> 0 | H97: =D97-J97 -> 0 | J97: 500 | M97: general gov | N97: personnel
A98: 12023000 | B98: 50413 | C98: Mileage/ travel reimbursement | D98: 1000 | F98: =H98/J98 -> 1 | H98: =D98-J98 -> 500 | J98: 500 | M98: general gov | N98: personnel
A99: 12023000 | B99: 50451 | C99: Contracted Professional Servic | D99: 1636 | F99: =H99/J99 -> 0 | H99: =D99-J99 -> 0 | J99: 1636 | M99: general gov | N99: contract
C101: Total 12023000 Finance | D101: =SUM(D85:D99) -> 268610.39 | F101: =H101/J101 -> 0.025876563 | H101: =SUM(H85:H99) -> 6775.39 | J101: =SUM(J85:J99) -> 261835 | M101: general gov
A103: 12023500 | B103: 50102 | C103: Department Head | D103: 54663 | F103: 1 | H103: =D103-J103 -> 54663 | J103: 0 | L103: NEW POSITION - TAX COLLECTOR/FRONT OFFICE MANAGER | M103: general gov | N103: personnel
A104: 12023500 | B104: 50104 | C104: Non Supervisory | D104: 122010 | F104: =H104/J104 -> 0.0390462 | H104: =D104-J104 -> 4585 | J104: 117425 | L104: 3% COLA | M104: general gov | N104: personnel
A105: 12023500 | B105: 50140 | C105: Overtime | D105: 2500 | F105: =H105/J105 -> 0 | H105: =D105-J105 -> 0 | J105: 2500 | M105: general gov | N105: personnel
A106: 12023500 | B106: 50201 | C106: Unemployment Costs | D106: =ROUNDUP((235.2),0) -> 236 | F106: =H106/J106 -> 0.053571429 | H106: =D106-J106 -> 12 | J106: 224 | M106: general gov | N106: personnel
A107: 12023500 | B107: 50202 | C107: Workers Comp Insurance | D107: 839 | F107: =H107/J107 -> 1.4896142 | H107: =D107-J107 -> 502 | J107: 337 | M107: general gov | N107: personnel
A108: 12023500 | B108: 50210 | C108: MEPERS - Employer Share | D108: =(D105+D104+D103)*0.102 -> 18275.646 | F108: =H108/J108 -> 0.52576774 | H108: =D108-J108 -> 6297.646 | J108: 11978 | M108: general gov | N108: personnel
A109: 12023500 | B109: 50220 | C109: Health Insurance | D109: 76645 | F109: =H109/J109 -> 0.96646654 | H109: =D109-J109 -> 37669 | J109: 38976 | M109: general gov | N109: personnel
A110: 12023500 | B110: 50230 | C110: FICA Employer Costs | D110: =(D105+D104+D103)*0.0765 -> 13706.735 | F110: =H110/J110 -> 0.49408486 | H110: =D110-J110 -> 4532.7345 | J110: 9174 | M110: general gov | N110: personnel
A111: 12023500 | B111: 50301 | C111: Office Supplies | D111: 3000 | F111: =H111/J111 -> 0 | H111: =D111-J111 -> 0 | J111: 3000 | M111: general gov | N111: rm op
A112: 12023500 | B112: 50306 | C112: Postage | D112: 8000 | F112: =H112/J112 -> 0 | H112: =D112-J112 -> 0 | J112: 8000 | M112: general gov | N112: rm op
A113: 12023500 | B113: 50401 | C113: Professional Development | D113: 1000 | F113: =H113/J113 -> 0.66666667 | H113: =D113-J113 -> 400 | J113: 600 | M113: general gov | N113: rm op
A114: 12023500 | B114: 50402 | C114: Dues and Memberships | D114: 100 | F114: 1 | H114: =D114-J114 -> 100 | J114: 0 | M114: general gov | N114: rm op
A115: 12023500 | B115: 50413 | C115: Mileage/ travel reimbursement | D115: 500 | F115: =H115/J115 -> 0 | H115: =D115-J115 -> 0 | J115: 500 | M115: general gov | N115: rm op
...

Sheet FY24 Proposed Managerial print
D2: FY24 | F2: compare Managerial to Department | H2: compare Managerial to Department | J2: FY23 | L2: COMMENTS
A3: ORG | B3: OBJ | C3: ACCOUNT DESCRIPTION | D3: FY24 Projected Managerial Budget Appropriation | F3: % Change between Department Head Budget Appropriation and Managerial Budget Appropriation | H3: $ Change between Department Head Budget Appropriation and Managerial Budget Appropriation | J3: FY23 Approved Budget Appropriation
A4: 12020500 | B4: 50108 | C4: Elected Officals | D4: =ROUNDUP((19500.52),0) -> 19501 | F4: =H4/J4 -> -0.00035882715 | H4: =D4-J4 -> -7 | J4: 19508
A5: 12020500 | B5: 50202 | C5: Workers Comp Insurance | D5: =ROUNDUP((91.23),0) -> 92 | F5: =H5/J5 -> 0.61403509 | H5: =D5-J5 -> 35 | J5: 57
A6: 12020500 | B6: 50230 | C6: FICA Employer Costs | D6: =ROUNDUP((1491.79),0) -> 1492 | F6: =H6/J6 -> 0 | H6: =D6-J6 -> 0 | J6: 1492
A7: 12020500 | B7: 50301 | C7: Office Supplies | D7: 250 | F7: =H7/J7 -> -0.5 | H7: =D7-J7 -> -250 | J7: 500
A8: 12020500 | B8: 50305 | C8: Books and Periodicals | D8: 150 | F8: 1 | H8: =D8-J8 -> 150 | J8: 0
A9: 12020500 | B9: 50306 | C9: Postage | D9: 50 | F9: =H9/J9 -> 0 | H9: =D9-J9 -> 0 | J9: 50
A10: 12020500 | B10: 50307 | C10: Advertising | D10: 0 | F10: =H10/J10 -> -1 | H10: =D10-J10 -> -800 | J10: 800
A11: 12020500 | B11: 50401 | C11: Professional Development | D11: 500 | F11: =H11/J11 -> 0 | H11: =D11-J11 -> 0 | J11: 500
A12: 12020500 | B12: 50960 | C12: Employee Recognition | D12: =5000+1200 -> 6200 | F12: =H12/J12 -> 0.24 | H12: =D12-J12 -> 1200 | J12: 5000 | L12: employee recognition (season tickets)
C14: Total 12050500 Elected Officals | D14: =SUM(D4:D12) -> 28235 | F14: =H14/J14 -> 0.011753324 | H14: =SUM(H4:H12) -> 328 | J14: =SUM(J4:J12) -> 27907
A16: 12021000 | B16: 50101 | C16: Town Manager | D16: 113300 | F16: =H16/J16 -> 0.018701672 | H16: =D16-J16 -> 2080 | J16: 111220 | L16: 3% COLA
A17: 12021000 | B17: 50104 | C17: Non Supervisory | D17: =ROUNDUP((177841.52),0) -> 177842 | F17: =H17/J17 -> 0.071305081 | H17: =D17-J17 -> 11837 | J17: 166005 | L17: 3% COLA - FILLED POSITIONS WERE LESS THAN FY23 BUDGET
A18: 12021000 | B18: 50107 | C18: Administrative | D18: =ROUNDUP((48734.4),0) -> 48735 | F18: =H18/J18 -> 0.065013112 | H18: =D18-J18 -> 2975 | J18: 45760 | L18: 3% COLA
A19: 12021000 | B19: 50201 | C19: Unemployment Costs | D19: =ROUNDUP((235.2),0) -> 236 | F19: =H19/J19 -> -0.20805369 | H19: =D19-J19 -> -62 | J19: 298
A20: 12021000 | B20: 50202 | C20: Workers Comp Insurance | D20: =ROUNDUP((4849.82),0) -> 4850 | F20: =H20/J20 -> 0.37315968 | H20: =D20-J20 -> 1318 | J20: 3532
A21: 12021000 | B21: 50210 | C21: MEPERS - Employer Share | D21: =ROUNDUP((34667.34),0) -> 34668 | F21: =H21/J21 -> 0.052331229 | H21: =D21-J21 -> 1724 | J21: 32944
A22: 12021000 | B22: 50220 | C22: Health Insurance | D22: =ROUNDUP((30774.57),0) -> 30775 | F22: =H22/J22 -> -0.5185388 | H22: =D22-J22 -> -33145 | J22: 63920
A23: 12021000 | B23: 50230 | C23: FICA Employer Costs | D23: =ROUNDUP((26000.51),0) -> 26001 | F23: =H23/J23 -> 0.052331229 | H23: =D23-J23 -> 1293 | J23: 24708
A24: 12021000 | B24: 50301 | C24: Office Supplies | D24: 2000 | F24: =H24/J24 -> 0 | H24: =D24-J24 -> 0 | J24: 2000
A25: 12021000 | B25: 50306 | C25: Postage | D25: 75 | F25: =H25/J25 -> -0.75 | H25: =D25-J25 -> -225 | J25: 300
A26: 12021000 | B26: 50307 | C26: Advertising | D26: 1000 | F26: =H26/J26 -> 0 | H26: =D26-J26 -> 0 | J26: 1000
A27: 12021000 | B27: 50352 | C27: Cell Phone/Allowances | D27: 1260 | F27: =H27/J27 -> 0 | H27: =D27-J27 -> 0 | J27: 1260
A28: 12021000 | B28: 50401 | C28: Professional Development | D28: 7000 | F28: =H28/J28 -> 0.75 | H28: =D28-J28 -> 3000 | J28: 4000
A29: 12021000 | B29: 50402 | C29: Dues and Memberships | D29: 2000 | F29: =H29/J29 -> 19 | H29: =D29-J29 -> 1900 | J29: 100
A30: 12021000 | B30: 50413 | C30: Mileage/ travel reimbursement | D30: 6020 | F30: =H30/J30 -> 1.0758621 | H30: =D30-J30 -> 3120 | J30: 2900
A31: 12021000 | B31: 50451 | C31: Contracted Professional Svs | D31: 5000 | F31: 1 | H31: =D31-J31 -> 5000 | J31: 0 | L31: HR Consulting - Town Manager evaluations
A32: 12021000 | B32: 50452 | C32: Audit services | D32: 12934 | F32: =H32/J32 -> 0.30199315 | H32: =D32-J32 -> 3000 | J32: 9934
C34: Total 12021000 Town Manager | D34: =SUM(D16:D32) -> 473696 | F34: =H34/J34 -> 0.008119077 | H34: =SUM(H16:H33) -> 3815 | J34: =SUM(J16:J32) -> 469881
A36: ORG | B36: OBJ | C36: ACCOUNT DESCRIPTION | D36: FY24 Projected Managerial Budget Appropriation | F36: % Change between Department Head Budget Appropriation and Managerial Budget Appropriation | H36: $ Change between Department Head Budget Appropriation and Managerial Budget Appropriation | J36: FY23 Approved Budget Appropriation
A37: 12021500 | B37: 50108 | C37: Elected Officials | D37: =ROUNDUP((787.8),0) -> 788 | F37: =H37/J37 -> -0.0012674271 | H37: =D37-J37 -> -1 | J37: 789
A38: 12021500 | B38: 50202 | C38: Workers Comp Insurance | D38: =ROUNDUP((3.69),0) -> 4 | F38: =H38/J38 -> 3 | H38: =D38-J38 -> 3 | J38: 1
A39: 12021500 | B39: 50230 | C39: FICA Employer Costs | D39: =ROUNDUP((60.27),0) -> 61 | F39: =H39/J39 -> 0.016666667 | H39: =D39-J39 -> 1 | J39: 60
A40: 12021500 | B40: 50301 | C40: Office Supplies | D40: 50 | F40: =H40/J40 -> 0 | H40: =D40-J40 -> 0 | J40: 50
A41: 12021500 | B41: 50306 | C41: Postage | D41: 50 | F41: =H41/J41 -> 0 | H41: =D41-J41 -> 0 | J41: 50
A42: 12021500 | B42: 50307 | C42: Advertising | D42: 250 | F42: =H42/J42 -> 0 | H42: =D42-J42 -> 0 | J42: 250
A43: 12021500 | B43: 50401 | C43: Professional Development | D43: 140 | F43: =H43/J43 -> 0 | H43: =D43-J43 -> 0 | J43: 140
C45: Total 12021500 Appeals Board | D45: =SUM(D37:D43) -> 1343 | F45: =H45/J45 -> 0.002238806 | H45: =SUM(H37:H43) -> 3 | J45: =SUM(J37:J43) -> 1340
A47: 12021600 | B47: 50108 | C47: Elected Officials | D47: =ROUNDUP((5249.52),0) -> 5250 | F47: =H47/J47 -> 0 | H47: =D47-J47 -> 0 | J47: 5250
A48: 12021600 | B48: 50202 | C48: Workers Comp Insurance | D48: =ROUNDUP((24.56),0) -> 25 | F48: =H48/J48 -> 0.78571429 | H48: =D48-J48 -> 11 | J48: 14
A49: 12021600 | B49: 50230 | C49: FICA Employer Costs | D49: =ROUNDUP((401.59),0) -> 402 | F49: =H49/J49 -> 0 | H49: =D49-J49 -> 0 | J49: 402
A50: 12021600 | B50: 50301 | C50: Office Supplies | D50: 250 | F50: =H50/J50 -> 0 | H50: =D50-J50 -> 0 | J50: 250
A51: 12021600 | B51: 50306 | C51: Postage | D51: 200 | F51: =H51/J51 -> 0.33333333 | H51: =D51-J51 -> 50 | J51: 150
A52: 12021600 | B52: 50307 | C52: Advertising | D52: 1000 | F52: =H52/J52 -> 0.33333333 | H52: =D52-J52 -> 250 | J52: 750
A53: 12021600 | B53: 50401 | C53: Professional Development | D53: 400 | F53: =H53/J53 -> 0 | H53: =D53-J53 -> 0 | J53: 400
A54: 12021600 | B54: 50451 | C54: Contracted Professional Servic | D54: 25000 | F54: =H54/J54 -> 0 | H54: =D54-J54 -> 0 | J54: =15000+10000 -> 25000
C56: Total 12021600 Planning Board | D56: =SUM(D47:D54) -> 32527 | F56: =H56/J56 -> 0.0096535883 | H56: =SUM(H47:H54) -> 311 | J56: =SUM(J47:J54) -> 32216
A58: 12022000 | B58: 50450 | C58: Legal expense | D58: 70000 | F58: =H58/J58 -> 0 | H58: =D58-J58 -> 0 | J58: 70000
C60: Total 12022000 Legal | D60: =SUM(D58) -> 70000 | F60: =H60/J60 -> 0 | H60: =H58 -> 0 | J60: =J58 -> 70000
A62: 12022500 | B62: 50102 | C62: Department Head | D62: =ROUNDUP((64272),0) -> 64272 | F62: =H62/J62 -> 0 | H62: =D62-J62 -> 0 | J62: 64272
A63: 12022500 | B63: 50104 | C63: Non Supervisory | D63: =ROUNDUP((51902.45),0) -> 51903 | F63: =H63/J63 -> 0.33718923 | H63: =D63-J63 -> 13088 | J63: 38815 | L63: CHANGE IN PERSONNEL AND 3% COLA
A64: 12022500 | B64: 50130 | C64: Temporary/seasonal | D64: =ROUNDUP((10000),0) -> 10000 | F64: =H64/J64 -> 0.25 | H64: =D64-J64 -> 2000 | J64: 8000
A65: 12022500 | B65: 50140 | C65: Overtime wages | D65: =ROUNDUP((2600),0) -> 2600 | F65: =H65/J65 -> 0 | H65: =D65-J65 -> 0 | J65: 2600
A66: 12022500 | B66: 50201 | C66: Unemployment Costs | D66: =ROUNDUP((238.14),0) -> 239 | F66: =H66/J66 -> 0.28494624 | H66: =D66-J66 -> 53 | J66: 186
A67: 12022500 | B67: 50202 | C67: Workers Comp Insurance | D67: =ROUNDUP((602.45),0) -> 603 | F67: =H67/J67 -> 0.83841463 | H67: =D67-J67 -> 275 | J67: 328
A68: 12022500 | B68: 50210 | C68: MEPERS - Employer Share | D68: =ROUNDUP((10329.67),0) -> 10330 | F68: =H68/J68 -> 0.010763209 | H68: =D68-J68 -> 110 | J68: 10220
A69: 12022500 | B69: 50220 | C69: Health Insurance | D69: =ROUNDUP((14985.12),0) -> 14986 | F69: =H69/J69 -> -0.57863068 | H69: =D69-J69 -> -20579 | J69: 35565
A70: 12022500 | B70: 50230 | C70: FICA Employer Costs | D70: =ROUNDUP((9851.25),0) -> 9852 | F70: =H70/J70 -> 0.13280442 | H70: =D70-J70 -> 1155 | J70: 8697
A71: 12022500 | B71: 50301 | C71: Office Supplies | D71: 5300 | F71: =H71/J71 -> 1.65 | H71: =D71-J71 -> 3300 | J71: 2000
A72: 12022500 | B72: 50306 | C72: Postage | D72: 4200 | F72: =H72/J72 -> 1.625 | H72: =D72-J72 -> 2600 | J72: 1600
A73: ORG | B73: OBJ | C73: ACCOUNT DESCRIPTION | D73: FY24 Projected Managerial Budget Appropriation | F73: % Change between Department Head Budget Appropriation and Managerial Budget Appropriation | H73: $ Change between Department Head Budget Appropriation and Managerial Budget Appropriation | J73: FY23 Approved Budget Appropriation
A74: 12022500 | B74: 50307 | C74: Advertising | D74: 1800 | F74: =H74/J74 -> 1.25 | H74: =D74-J74 -> 1000 | J74: 800
A75: 12022500 | B75: 50308 | C75: Printing | D75: 5200 | F75: =H75/J75 -> 0.92592593 | H75: =D75-J75 -> 2500 | J75: 2700
A76: 12022500 | B76: 50352 | C76: Cell Phone/Allowances | D76: 420 | F76: =H76/J76 -> 0 | H76: =D76-J76 -> 0 | J76: 420
A77: 12022500 | B77: 50401 | C77: Professional Development | D77: 2000 | F77: =H77/J77 -> 0.11111111 | H77: =D77-J77 -> 200 | J77: 1800
A78: 12022500 | B78: 50402 | C78: Dues and Memberships | D78: 400 | F78: =H78/J78 -> 0 | H78: =D78-J78 -> 0 | J78: 400
A79: 12022500 | B79: 50412 | C79: Meals and Lodging | D79: 1010 | F79: =H79/J79 -> 0 | H79: =D79-J79 -> 0 | J79: 1010
A80: 12022500 | B80: 50413 | C80: Mileage/ travel reimbursement | D80: 450 | F80: =H80/J80 -> 0 | H80: =D80-J80 -> 0 | J80: 450
A81: 12022500 | B81: 50451 | C81: Contracted Professional Servic | D81: 2260 | F81: =H81/J81 -> 0.79365079 | H81: =D81-J81 -> 1000 | J81: 1260
A82: 12022500 | B82: 50455 | C82: Profesional Services | D82: 10450 | F82: =H82/J82 -> 0 | H82: =D82-J82 -> 0 | J82: 10450
A83: 12022500 | B83: 50536 | C83: R&M: Equipment | D83: 2800 | F83: =H83/J83 -> 0 | H83: =D83-J83 -> 0 | J83: 2800
C85: Total 12022500 Clerk | D85: =SUM(D62:D83) -> 201075 | F85: =H85/J85 -> 0.034480098 | H85: =SUM(H62:H83) -> 6702 | J85: =SUM(J62:J83) -> 194373
A87: 12023000 | B87: 50102 | C87: Department Head | D87: =ROUNDUP((90280.74),0) -> 90281 | F87: =H87/J87 -> 0.030064122 | H87: =D87-J87 -> 2635 | J87: 87646 | L87: 3% COLA
A88: 12023000 | B88: 50104 | C88: Non Supervisory | D88: =ROUNDUP((94163.58),0) -> 94164 | F88: =H88/J88 -> 0.11583263 | H88: =D88-J88 -> 9775 | J88: 84389 | L88: 3% COLA - Finance Assistant/Payroll Specialist
A89: 12023000 | B89: 50140 | C89: Overtime wages | D89: 1500 | F89: =H89/J89 -> 2 | H89: =D89-J89 -> 1000 | J89: 500
A90: 12023000 | B90: 50201 | C90: Unemployment Costs | D90: =ROUNDUP((176.4),0) -> 177 | F90: =H90/J90 -> -0.20982143 | H90: =D90-J90 -> -47 | J90: 224
A91: 12023000 | B91: 50202 | C91: Workers Comp Insurance | D91: =ROUNDUP((869.91),0) -> 870 | F91: =H91/J91 -> 1.0327103 | H91: =D91-J91 -> 442 | J91: 428
A92: 12023000 | B92: 50210 | C92: MEPERS - Employer Share | D92: =ROUNDUP((18813.32),0) -> 18814 | F92: =H92/J92 -> 0.072144974 | H92: =D92-J92 -> 1266 | J92: 17548
A93: 12023000 | B93: 50220 | C93: Health Insurance | D93: =ROUNDUP((51582.68),0) -> 51583 | F93: =H93/J93 -> 0.10586344 | H93: =D93-J93 -> 4938 | J93: 46645
A94: 12023000 | B94: 50230 | C94: FICA Employer Costs | D94: =ROUNDUP((14224.74),0) -> 14225 | F94: =H94/J94 -> 0.077733162 | H94: =D94-J94 -> 1026 | J94: 13199
A95: 12023000 | B95: 50301 | C95: Office Supplies | D95: 3000 | F95: =H95/J95 -> 0 | H95: =D95-J95 -> 0 | J95: 3000
A96: 12023000 | B96: 50306 | C96: Postage | D96: 1000 | F96: =H96/J96 -> 0.25 | H96: =D96-J96 -> 200 | J96: 800
A97: 12023000 | B97: 50352 | C97: Cell Phone/Allowances | D97: 420 | F97: =H97/J97 -> 0 | H97: =D97-J97 -> 0 | J97: 420
A98: 12023000 | B98: 50401 | C98: Professional Development | D98: 4400 | F98: =H98/J98 -> 0 | H98: =D98-J98 -> 0 | J98: 4400
A99: 12023000 | B99: 50402 | C99: Dues and Memberships | D99: 500 | F99: =H99/J99 -> 0 | H99: =D99-J99 -> 0 | J99: 500
A100: 12023000 | B100: 50413 | C100: Mileage/ travel reimbursement | D100: 1000 | F100: =H100/J100 -> 1 | H100: =D100-J100 -> 500 | J100: 500
A101: 12023000 | B101: 50451 | C101: Contracted Professional Servic | D101: 1636 | F101: =H101/J101 -> 0 | H101: =D101-J101 -> 0 | J101: 1636
C103: Total 12023000 Finance | D103: =SUM(D87:D101) -> 283570 | F103: =H103/J103 -> 0.083010293 | H103: =SUM(H87:H101) -> 21735 | J103: =SUM(J87:J101) -> 261835
A105: 12023500 | B105: 50102 | C105: Department Head | D105: 70000 | F105: 1 | H105: =D105-J105 -> 70000 | J105: 0 | L105: NEW POSITION - TAX COLLECTOR/FRONT OFFICE MANAGER
A106: 12023500 | B106: 50104 | C106: Non Supervisory | D106: =ROUNDUP((120938.48),0) -> 120939 | F106: =H106/J106 -> 0.029925484 | H106: =D106-J106 -> 3514 | J106: 117425 | L106: 3% COLA
A107: 12023500 | B107: 50140 | C107: Overtime | D107: 2500 | F107: =H107/J107 -> 0 | H107: =D107-J107 -> 0 | J107: 2500
A108: 12023500 | B108: 50201 | C108: Unemployment Costs | D108: =ROUNDUP((235.2),0) -> 236 | F108: =H108/J108 -> 0.053571429 | H108: =D108-J108 -> 12 | J108: 224
A109: 12023500 | B109: 50202 | C109: Workers Comp Insurance | D109: =ROUNDUP((904.97),0) -> 905 | F109: =H109/J109 -> 1.6854599 | H109: =D109-J109 -> 568 | J109: 337
A110: ORG | B110: OBJ | C110: ACCOUNT DESCRIPTION | D110: FY24 Projected Managerial Budget Appropriation | F110: % Change between Department Head Budget Appropriation and Managerial Budget Appropriation | H110: $ Change between Department Head Budget Appropriation and Managerial Budget Appropriation | J110: FY23 Approved Budget Appropriation
A111: 12023500 | B111: 50210 | C111: MEPERS - Employer Share | D111: =ROUNDUP((19475.72),0) -> 19476 | F111: =H111/J111 -> 0.62598097 | H111: =D111-J111 -> 7498 | J111: 11978
A112: 12023500 | B112: 50220 | C112: Health Insurance | D112: =ROUNDUP((77547.68),0) -> 77548 | F112: =H112/J112 -> 0.98963465 | H112: =D112-J112 -> 38572 | J112: 38976
A113: 12023500 | B113: 50230 | C113: FICA Employer Costs | D113: =ROUNDUP((14798.04),0) -> 14799 | F113: =H113/J113 -> 0.61314585 | H113: =D113-J113 -> 5625 | J113: 9174
A114: 12023500 | B114: 50301 | C114: Office Supplies | D114: 3000 | F114: =H114/J114 -> 0 | H114: =D114-J114 -> 0 | J114: 3000
A115: 12023500 | B115: 50306 | C115: Postage | D115: 8000 | F115: =H115/J115 -> 0 | H115: =D115-J115 -> 0 | J115: 8000
...

Sheet Com Center
A1: ORG | B1: OBJ | C1: ACCOUNT DESCRIPTION | D1: FY24 Projected Managerial Budget Appropriation | F1: % Change between Department Head Budget Appropriation and Managerial Budget Appropriation | H1: $ Change between Department Head Budget Appropriation and Managerial Budget Appropriation | J1: FY23 Approved Budget Appropriation
A2: 14046000 | B2: 50104 | C2: Non Supervisory | D2: =ROUNDUP((199285.86),0) -> 199286 | F2: =H2/J2 -> 0.019454377 | H2: =D2-J2 -> 3803 | J2: 195483
A3: 14046000 | B3: 50116 | C3: Union | D3: 3500 | F3: =H3/J3 -> 0 | H3: =D3-J3 -> 0 | J3: 3500
A4: 14046000 | B4: 50130 | C4: Temporary/seasonal | D4: 21630 | F4: =H4/J4 -> 0 | H4: =D4-J4 -> 0 | J4: 21630
A5: 14046000 | B5: 50140 | C5: Overtime wages | D5: 1350 | F5: =H5/J5 -> 0 | H5: =D5-J5 -> 0 | J5: 1350
A6: 14046000 | B6: 50145 | C6: Replacement Wages | D6: 62325 | F6: =H6/J6 -> 0.21019417 | H6: =D6-J6 -> 10825 | J6: 51500
A7: 14046000 | B7: 50201 | C7: Unemployment Costs | D7: =ROUNDUP((359.42),0) -> 360 | F7: =H7/J7 -> 0.20805369 | H7: =D7-J7 -> 62 | J7: 298
A8: 14046000 | B8: 50202 | C8: Workers Comp Insurance | D8: =ROUNDUP((1317.37),0) -> 1318 | F8: =H8/J8 -> 0.71391417 | H8: =D8-J8 -> 549 | J8: 769
A9: 14046000 | B9: 50210 | C9: MEPERS - Employer Share | D9: =ROUNDUP((33274.99),0) -> 33275 | F9: =H9/J9 -> 0.0121673 | H9: =D9-J9 -> 400 | J9: 32875
A10: 14046000 | B10: 50220 | C10: Health Insurance | D10: =ROUNDUP((29344.36),0) -> 29345 | F10: =H10/J10 -> -0.26804021 | H10: =D10-J10 -> -10746 | J10: 40091
A11: 14046000 | B11: 50230 | C11: FICA Employer Costs | D11: =ROUNDUP((22038.95),0) -> 22039 | F11: =H11/J11 -> 0.06520058 | H11: =D11-J11 -> 1349 | J11: 20690
A12: 14046000 | B12: 50301 | C12: Office Supplies | D12: 1000 | F12: =H12/J12 -> 0 | H12: =D12-J12 -> 0 | J12: 1000
A13: 14046000 | B13: 50307 | C13: Advertising | D13: 120 | F13: =H13/J13 -> 0 | H13: =D13-J13 -> 0 | J13: 120
A14: 14046000 | B14: 50349 | C14: Recruitment Testing | D14: 300 | F14: =H14/J14 -> 0 | H14: =D14-J14 -> 0 | J14: 300
A15: 14046000 | B15: 50351 | C15: Clothing/Boot Allowance | D15: 2250 | F15: =H15/J15 -> 0 | H15: =D15-J15 -> 0 | J15: 2250
A16: 14046000 | B16: 50401 | C16: Professional Development | D16: 1450 | F16: =H16/J16 -> 0 | H16: =D16-J16 -> 0 | J16: 1450
A17: 14046000 | B17: 50512 | C17: Telephone | D17: 1900 | F17: =H17/J17 -> 0 | H17: =D17-J17 -> 0 | J17: 1900
A18: 14046000 | B18: 50536 | C18: R&M: Equipment | D18: 1125 | F18: =H18/J18 -> 0 | H18: =D18-J18 -> 0 | J18: 1125
C20: Total 14046000 Lisbon Communications Cen | D20: =SUM(D2:D18) -> 382573 | F20: =H20/J20 -> 0.016586462 | H20: =SUM(H2:H18) -> 6242 | J20: =SUM(J2:J18) -> 376331

Sheet ACO
A1: ORG | B1: OBJ | C1: ACCOUNT DESCRIPTION | D1: FY24 Projected Managerial Budget Appropriation | F1: % Change between Department Head Budget Appropriation and Managerial Budget Appropriation | H1: $ Change between Department Head Budget Appropriation and Managerial Budget Appropriation | J1: FY23 Approved Budget Appropriation | L1: Comments
A2: 14045000 | B2: 50104 | C2: Non Supervisory | D2: =ROUNDUP((56778.58),0) -> 56779 | F2: =H2/J2 -> 0.030004535 | H2: =D2-J2 -> 1654 | J2: 55125 | L2: 3% COLA
A3: 14045000 | B3: 50140 | C3: Overtime | D3: 2160 | F3: =H3/J3 -> 0 | H3: =D3-J3 -> 0 | J3: 2160
A4: 14045000 | B4: 50201 | C4: Unemployment Costs | D4: =ROUNDUP((85.7),0) -> 86 | F4: =H4/J4 -> -0.23214286 | H4: =D4-J4 -> -26 | J4: 112
A5: 14045000 | B5: 50202 | C5: Workers Comp Insurance | D5: =ROUNDUP((1047.07),0) -> 1048 | F5: =H5/J5 -> 0.18686297 | H5: =D5-J5 -> 165 | J5: 883
A6: 14045000 | B6: 50210 | C6: MEPERS - Employer Share | D6: =ROUNDUP((5791.41),0) -> 5792 | F6: =H6/J6 -> 0.020257178 | H6: =D6-J6 -> 115 | J6: 5677
A7: 14045000 | B7: 50220 | C7: Health Insurance | D7: =ROUNDUP((27269.05),0) -> 27270 | F7: =H7/J7 -> 0.097295992 | H7: =D7-J7 -> 2418 | J7: 24852
A8: 14045000 | B8: 50230 | C8: FICA Employer Costs | D8: =ROUNDUP((4508.8),0) -> 4509 | F8: =H8/J8 -> 0.0289822 | H8: =D8-J8 -> 127 | J8: 4382
A9: 14045000 | B9: 50302 | C9: Operating supplies | D9: 1000 | F9: =H9/J9 -> 0 | H9: =D9-J9 -> 0 | J9: 1000
A10: 14045000 | B10: 50351 | C10: Clothing/Boot Allowance | D10: 600 | F10: =H10/J10 -> 0 | H10: =D10-J10 -> 0 | J10: 600
A11: 14045000 | B11: 50352 | C11: Cell Phone/Allowances | D11: 720 | F11: =H11/J11 -> 0.152 | H11: =D11-J11 -> 95 | J11: 625
A12: 14045000 | B12: 50375 | C12: Gas | D12: 3968 | F12: =H12/J12 -> 0 | H12: =D12-J12 -> 0 | J12: 3968
A13: 14045000 | B13: 50378 | C13: Tires Expense | D13: 700 | F13: =H13/J13 -> 0 | H13: =D13-J13 -> 0 | J13: 700
A14: 14045000 | B14: 50401 | C14: Professional Development | D14: 400 | F14: =H14/J14 -> 0 | H14: =D14-J14 -> 0 | J14: 400
A15: 14045000 | B15: 50453 | C15: Animal Shelter Services | D15: 14761 | F15: =H15/J15 -> 0.048292025 | H15: =D15-J15 -> 680 | J15: 14081
A16: 14045000 | B16: 50536 | C16: R&M: Equipment | D16: 2000 | F16: =H16/J16 -> 1.1052632 | H16: =D16-J16 -> 1050 | J16: 950
A17: 14045000 | B17: 50710 | C17: Equipment | D17: =16500-16250 -> 250 | F17: =H17/J17 -> 0 | H17: =D17-J17 -> 0 | J17: 250 | L17: Removed ACO truck equipment from Dept Head Budget
A18: 14045000 | B18: 50720 | C18: Vehicles | D18: 0 | F18: 0 | H18: =D18-J18 -> 0 | J18: 0 | L18: removed ACO truck from Department Head Budget
C20: Total 14045000 Animal Control Officer | D20: =SUM(D2:D18) -> 122043 | F20: =H20/J20 -> 0.054230553 | H20: =SUM(H2:H18) -> 6278 | J20: =SUM(J2:J18) -> 115765

Sheet Police
A1: ORG | B1: OBJ | C1: ACCOUNT DESCRIPTION | D1: FY24 Projected Managerial Budget Appropriation | F1: % Change between Department Head Budget Appropriation and Managerial Budget Appropriation | H1: $ Change between Department Head Budget Appropriation and Managerial Budget Appropriation | J1: FY23 Approved Budget Appropriation
A2: 14040500 | B2: 50102 | C2: Department Head | D2: =ROUNDUP((98143.34),0) -> 98144 | F2: =H2/J2 -> 0.030004723 | H2: =D2-J2 -> 2859 | J2: 95285 | L2: 3% COLA
A3: 14040500 | B3: 50104 | C3: Non Supervisory | D3: =ROUNDUP((1098056.83),0) -> 1098057 | F3: =H3/J3 -> 0.10811313 | H3: =D3-J3 -> 107132 | J3: 990925 | L3: 3% COLA
A4: 14040500 | B4: 50107 | C4: Administrative | D4: =ROUNDUP((53602.85),0) -> 53603 | F4: =H4/J4 -> 0.029995004 | H4: =D4-J4 -> 1561 | J4: 52042 | L4: 3% COLA
A5: 14040500 | B5: 50116 | C5: Union | D5: 17000 | F5: =H5/J5 -> 0 | H5: =D5-J5 -> 0 | J5: 17000
A6: 14040500 | B6: 50117 | C6: Misc. Police Detail | D6: 10000 | F6: =H6/J6 -> 0.42857143 | H6: =D6-J6 -> 3000 | J6: 7000
A7: 14040500 | B7: 50130 | C7: Temporary/seasonal | D7: 34994 | F7: =H7/J7 -> 0 | H7: =D7-J7 -> 0 | J7: 34994
A8: 14040500 | B8: 50140 | C8: Overtime wages | D8: 47704 | F8: =H8/J8 -> 0.21076142 | H8: =D8-J8 -> 8304 | J8: 39400
A9: 14040500 | B9: 50143 | C9: Court time | D9: 5000 | F9: =H9/J9 -> 0 | H9: =D9-J9 -> 0 | J9: 5000
A10: 14040500 | B10: 50145 | C10: Replacement Wages | D10: =ROUNDUP((170178),0) -> 170178 | F10: =H10/J10 -> 0.18015257 | H10: =D10-J10 -> 25978 | J10: 144200
A11: 14040500 | B11: 50201 | C11: Unemployment Costs | D11: =ROUNDUP((1367.1),0) -> 1368 | F11: =H11/J11 -> -0.17490953 | H11: =D11-J11 -> -290 | J11: 1658
A12: 14040500 | B12: 50202 | C12: Workers Comp Insurance | D12: =ROUNDUP((74448.2),0) -> 74449 | F12: =H12/J12 -> 0.75301985 | H12: =D12-J12 -> 31980 | J12: 42469
A13: 14040500 | B13: 50210 | C13: MEPERS - Employer Share | D13: =ROUNDUP((187114.65),0) -> 187115 | F13: =H13/J13 -> 0.065320368 | H13: =D13-J13 -> 11473 | J13: 175642
A14: 14040500 | B14: 50220 | C14: Health Insurance | D14: =ROUNDUP((347579.6),0) -> 347580 | F14: =H14/J14 -> 0.10535856 | H14: =D14-J14 -> 33130 | J14: 314450
A15: 14040500 | B15: 50230 | C15: FICA Employer Costs | D15: =ROUNDUP((116102.45),0) -> 116103 | F15: =H15/J15 -> 0.10873115 | H15: =D15-J15 -> 11386 | J15: 104717
A16: 14040500 | B16: 50260 | C16: Uniform cleaning | D16: 500 | F16: =H16/J16 -> 0 | H16: =D16-J16 -> 0 | J16: 500
A17: 14040500 | B17: 50301 | C17: Office Supplies | D17: 5150 | F17: =H17/J17 -> 0 | H17: =D17-J17 -> 0 | J17: 5150
A18: 14040500 | B18: 50302 | C18: Operating supplies | D18: 17000 | F18: =H18/J18 -> 0.21428571 | H18: =D18-J18 -> 3000 | J18: 14000
A19: 14040500 | B19: 50306 | C19: Postage | D19: 300 | F19: =H19/J19 -> -0.14285714 | H19: =D19-J19 -> -50 | J19: 350
A20: 14040500 | B20: 50307 | C20: Advertising | D20: 200 | F20: =H20/J20 -> 0 | H20: =D20-J20 -> 0 | J20: 200
A21: 14040500 | B21: 50308 | C21: Printing | D21: 3400 | F21: =H21/J21 -> 0.30769231 | H21: =D21-J21 -> 800 | J21: 2600
A22: 14040500 | B22: 50349 | C22: Recruitment Testing | D22: 1750 | F22: =H22/J22 -> 0 | H22: =D22-J22 -> 0 | J22: 1750
A23: 14040500 | B23: 50351 | C23: Clothing/Boot Allowance | D23: 21800 | F23: =H23/J23 -> 0.12371134 | H23: =D23-J23 -> 2400 | J23: 19400
A24: 14040500 | B24: 50352 | C24: Cell Phone/Allowances | D24: 6634 | F24: =H24/J24 -> 0.057379662 | H24: =D24-J24 -> 360 | J24: 6274
A25: 14040500 | B25: 50353 | C25: Physicals | D25: 1900 | F25: =H25/J25 -> 0 | H25: =D25-J25 -> 0 | J25: 1900
A26: 14040500 | B26: 50375 | C26: Gas | D26: 33775 | F26: =H26/J26 -> -0.10589014 | H26: =D26-J26 -> -4000 | J26: 37775
A27: 14040500 | B27: 50377 | C27: Diesel | D27: 234 | F27: =H27/J27 -> 0 | H27: =D27-J27 -> 0 | J27: 234
... A35: 14040500 | B35: 50536 | C35: R&M: Equipment | D35: 5500 | F35: =H35/J35 -> 0 | H35: =D35-J35 -> 0 | J35: 5500
A36: 14040500 | B36: 50710 | C36: Equipment | D36: =23750-5000 -> 18750 | F36: =H36/J36 -> 4 | H36: =D36-J36 -> 15000 | J36: 3750 | L36: K9 Equipment and equipment for cruisers
A37: 14040500 | B37: 50720 | C37: Equipment – vehicles | D37: =115000-25000 -> 90000 | F37: =H37/J37 -> 0.34328358 | H37: =D37-J37 -> 23000 | J37: 67000 | L37: 2 CRUISERS
C39: Total 14040500 Police | D39: =SUM(D2:D37) -> 2518642 | F39: =H39/J39 -> 0.12539606 | H39: =SUM(H2:H37) -> 280637 | J39: =SUM(J2:J37) -> 2238005

Sheet FY24 Department Head Budget
D2: FY24 | F2: compare Managerial to Department | H2: compare Managerial to Department | J2: FY24 | L2: Compare FY24 to FY23 | N2: Compare FY24 to FY23 | P2: FY23 | Q2: COMMENTS
A3: ORG | B3: OBJ | C3: ACCOUNT DESCRIPTION | D3: FY24 Projected Managerial Budget Appropriation | F3: % Change between Department Head Budget Appropriation and Managerial Budget Appropriation | H3: $ Change between Department Head Budget Appropriation and Managerial Budget Appropriation | J3: FY24 Projected Department Head Budget Appropriation | L3: % Change between FY23 Approved Budget and FY24 Projected Department Head Budget | N3: $Amount Increase/(Decrease) FY23 Budget compared to FY24 Department Head Budget | P3: FY23 Approved Budget Appropriation
A4: 12020500 | B4: 50108 | C4: Elected Officals | D4: =ROUNDUP((19500.52),0) -> 19501 | F4: =H4/J4 -> 0 | H4: =D4-J4 -> 0 | J4: =ROUNDUP((19500.52),0) -> 19501 | L4: =N4/P4 -> -0.00035882715 | N4: =J4-P4 -> -7 | P4: 19508
A5: 12020500 | B5: 50202 | C5: Workers Comp Insurance | D5: =ROUNDUP((91.23),0) -> 92 | F5: =H5/J5 -> 0 | H5: =D5-J5 -> 0 | J5: =ROUNDUP((91.23),0) -> 92 | L5: =N5/P5 -> 0.61403509 | N5: =J5-P5 -> 35 | P5: 57
A6: 12020500 | B6: 50230 | C6: FICA Employer Costs | D6: =ROUNDUP((1491.79),0) -> 1492 | F6: =H6/J6 -> 0 | H6: =D6-J6 -> 0 | J6: =ROUNDUP((1491.79),0) -> 1492 | L6: =N6/P6 -> 0 | N6: =J6-P6 -> 0 | P6: 1492
A7: 12020500 | B7: 50301 | C7: Office Supplies | D7: 250 | F7: =H7/J7 -> 0 | H7: =D7-J7 -> 0 | J7: 250 | L7: =N7/P7 -> -0.5 | N7: =J7-P7 -> -250 | P7: 500
A8: 12020500 | B8: 50305 | C8: Books and Periodicals | D8: 150 | F8: =H8/J8 -> 0 | H8: =D8-J8 -> 0 | J8: 150 | L8: 1 | N8: =J8-P8 -> 150 | P8: 0
A9: 12020500 | B9: 50306 | C9: Postage | D9: 50 | F9: =H9/J9 -> 0 | H9: =D9-J9 -> 0 | J9: 50 | L9: =N9/P9 -> 0 | N9: =J9-P9 -> 0 | P9: 50
A10: 12020500 | B10: 50307 | C10: Advertising | D10: 0 | F10: 0 | H10: =D10-J10 -> 0 | J10: 0 | L10: =N10/P10 -> -1 | N10: =J10-P10 -> -800 | P10: 800
A11: 12020500 | B11: 50401 | C11: Professional Development | D11: 500 | F11: =H11/J11 -> 0 | H11: =D11-J11 -> 0 | J11: 500 | L11: =N11/P11 -> 0 | N11: =J11-P11 -> 0 | P11: 500
A12: 12020500 | B12: 50960 | C12: Employee Recognition | D12: =5000+1200 -> 6200 | F12: =H12/J12 -> 0.24 | H12: =D12-J12 -> 1200 | J12: 5000 | L12: =N12/P12 -> 0 | N12: =J12-P12 -> 0 | P12: 5000
C14: Total 12050500 Elected Officals | D14: =SUM(D4:D12) -> 28235 | F14: =H14/J14 -> 0.044386906 | H14: =SUM(H4:H12) -> 1200 | J14: =SUM(J4:J12) -> 27035 | L14: =N14/P14 -> -0.031246641 | N14: =SUM(N4:N12) -> -872 | P14: =SUM(P4:P12) -> 27907
A16: 12021000 | B16: 50101 | C16: Town Manager | D16: 113300 | F16: =H16/J16 -> 0 | H16: =D16-J16 -> 0 | J16: 113300 | L16: =N16/P16 -> 0.018701672 | N16: =J16-P16 -> 2080 | P16: 111220 | Q16: 3% COLA
A17: 12021000 | B17: 50104 | C17: Non Supervisory | D17: =ROUNDUP((177841.52),0) -> 177842 | F17: =H17/J17 -> 0.040650692 | H17: =D17-J17 -> 6947 | J17: =ROUNDUP((170894.32),0) -> 170895 | L17: =N17/P17 -> 0.029456944 | N17: =J17-P17 -> 4890 | P17: 166005 | Q17: 3% COLA - FILLED POSITIONS WERE LESS THAN FY23 BUDGET
A18: 12021000 | B18: 50107 | C18: Administrative | D18: =ROUNDUP((48734.4),0) -> 48735 | F18: =H18/J18 -> 0.033988925 | H18: =D18-J18 -> 1602 | J18: =ROUNDUP((47132.8),0) -> 47133 | L18: =N18/P18 -> 0.030004371 | N18: =J18-P18 -> 1373 | P18: 45760 | Q18: 3% COLA
A19: 12021000 | B19: 50201 | C19: Unemployment Costs | D19: =ROUNDUP((235.2),0) -> 236 | F19: =H19/J19 -> 0 | H19: =D19-J19 -> 0 | J19: =ROUNDUP((235.2),0) -> 236 | L19: =N19/P19 -> -0.20805369 | N19: =J19-P19 -> -62 | P19: 298
A20: 12021000 | B20: 50202 | C20: Workers Comp Insurance | D20: =ROUNDUP((4849.82),0) -> 4850 | F20: =H20/J20 -> 0.0083160083 | H20: =D20-J20 -> 40 | J20: =ROUNDUP((4809.82),0) -> 4810 | L20: =N20/P20 -> 0.36183465 | N20: =J20-P20 -> 1278 | P20: 3532
A21: 12021000 | B21: 50210 | C21: MEPERS - Employer Share | D21: =ROUNDUP((34667.34),0) -> 34668 | F21: =H21/J21 -> 0.02580187 | H21: =D21-J21 -> 872 | J21: =ROUNDUP((33795.37),0) -> 33796 | L21: =N21/P21 -> 0.025862069 | N21: =J21-P21 -> 852 | P21: 32944
A22: 12021000 | B22: 50220 | C22: Health Insurance | D22: =ROUNDUP((30774.57),0) -> 30775 | F22: =H22/J22 -> 0 | H22: =D22-J22 -> 0 | J22: =ROUNDUP((30774.57),) -> 30775 | L22: =N22/P22 -> -0.5185388 | N22: =J22-P22 -> -33145 | P22: 63920
A23: 12021000 | B23: 50230 | C23: FICA Employer Costs | D23: =ROUNDUP((26000.51),0) -> 26001 | F23: =H23/J23 -> 0.02580187 | H23: =D23-J23 -> 654 | J23: =ROUNDUP((25346.52),0) -> 25347 | L23: =N23/P23 -> 0.025862069 | N23: =J23-P23 -> 639 | P23: 24708
A24: 12021000 | B24: 50301 | C24: Office Supplies | D24: 2000 | F24: =H24/J24 -> 0 | H24: =D24-J24 -> 0 | J24: 2000 | L24: =N24/P24 -> 0 | N24: =J24-P24 -> 0 | P24: 2000
A25: 12021000 | B25: 50306 | C25: Postage | D25: 75 | F25: =H25/J25 -> 0 | H25: =D25-J25 -> 0 | J25: 75 | L25: =N25/P25 -> -0.75 | N25: =J25-P25 -> -225 | P25: 300
A26: 12021000 | B26: 50307 | C26: Advertising | D26: 1000 | F26: =H26/J26 -> 0 | H26: =D26-J26 -> 0 | J26: 1000 | L26: =N26/P26 -> 0 | N26: =J26-P26 -> 0 | P26: 1000
A27: 12021000 | B27: 50352 | C27: Cell Phone/Allowances | D27: 1260 | F27: =H27/J27 -> 0 | H27: =D27-J27 -> 0 | J27: 1260 | L27: =N27/P27 -> 0 | N27: =J27-P27 -> 0 | P27: 1260
A28: 12021000 | B28: 50401 | C28: Professional Development | D28: 7000 | F28: =H28/J28 -> 0 | H28: =D28-J28 -> 0 | J28: 7000 | L28: =N28/P28 -> 0.75 | N28: =J28-P28 -> 3000 | P28: 4000
A29: 12021000 | B29: 50402 | C29: Dues and Memberships | D29: 2000 | F29: =H29/J29 -> 0 | H29: =D29-J29 -> 0 | J29: 2000 | L29: =N29/P29 -> 19 | N29: =J29-P29 -> 1900 | P29: 100
A30: 12021000 | B30: 50413 | C30: Mileage/ travel reimbursement | D30: 6020 | F30: =H30/J30 -> 0 | H30: =D30-J30 -> 0 | J30: 6020 | L30: =N30/P30 -> 1.0758621 | N30: =J30-P30 -> 3120 | P30: 2900
A31: 12021000 | B31: 50451 | C31: Contracted Professional Svs | D31: 5000 | F31: 1 | H31: =D31-J31 -> 5000 | J31: 0 | L31: 0 | N31: =J31-P31 -> 0 | P31: 0 | Q31: HR Consulting - Town Manager evaluations
A32: 12021000 | B32: 50452 | C32: Audit services | D32: 12934 | F32: =H32/J32 -> 0 | H32: =D32-J32 -> 0 | J32: 12934 | L32: =N32/P32 -> 0.30199315 | N32: =J32-P32 -> 3000 | P32: 9934
C34: Total 12021000 Town Manager | D34: =SUM(D16:D32) -> 473696 | F34: =H34/J34 -> 0.032960371 | H34: =SUM(H16:H33) -> 15115 | J34: =SUM(J16:J32) -> 458581 | L34: =N34/P34 -> -0.024048642 | N34: =SUM(N16:N32) -> -11300 | P34: =SUM(P16:P32) -> 469881
A36: 12021500 | B36: 50108 | C36: Elected Officials | D36: =ROUNDUP((787.8),0) -> 788 | F36: =H36/J36 -> 0 | H36: =D36-J36 -> 0 | J36: =ROUNDUP((787.8),0) -> 788 | L36: =N36/P36 -> -0.0012674271 | N36: =J36-P36 -> -1 | P36: 789
A37: 12021500 | B37: 50202 | C37: Workers Comp Insurance | D37: =ROUNDUP((3.69),0) -> 4 | F37: =H37/J37 -> 0 | H37: =D37-J37 -> 0 | J37: =ROUNDUP((3.69),0) -> 4 | L37: =N37/P37 -> 3 | N37: =J37-P37 -> 3 | P37: 1
A38: 12021500 | B38: 50230 | C38: FICA Employer Costs | D38: =ROUNDUP((60.27),0) -> 61 | F38: =H38/J38 -> 0 | H38: =D38-J38 -> 0 | J38: =ROUNDUP((60.27),0) -> 61 | L38: =N38/P38 -> 0.016666667 | N38: =J38-P38 -> 1 | P38: 60
A39: 12021500 | B39: 50301 | C39: Office Supplies | D39: 50 | F39: =H39/J39 -> 0 | H39: =D39-J39 -> 0 | J39: 50 | L39: =N39/P39 -> 0 | N39: =J39-P39 -> 0 | P39: 50
A40: 12021500 | B40: 50306 | C40: Postage | D40: 50 | F40: =H40/J40 -> 0 | H40: =D40-J40 -> 0 | J40: 50 | L40: =N40/P40 -> 0 | N40: =J40-P40 -> 0 | P40: 50
A41: 12021500 | B41: 50307 | C41: Advertising | D41: 250 | F41: =H41/J41 -> 0 | H41: =D41-J41 -> 0 | J41: 250 | L41: =N41/P41 -> 0 | N41: =J41-P41 -> 0 | P41: 250
A42: 12021500 | B42: 50401 | C42: Professional Development | D42: 140 | F42: =H42/J42 -> 0 | H42: =D42-J42 -> 0 | J42: 140 | L42: =N42/P42 -> 0 | N42: =J42-P42 -> 0 | P42: 140
C44: Total 12021500 Appeals Board | D44: =SUM(D36:D42) -> 1343 | F44: =H44/J44 -> 0 | H44: =SUM(H36:H42) -> 0 | J44: =SUM(J36:J42) -> 1343 | L44: =N44/P44 -> 0.002238806 | N44: =SUM(N36:N42) -> 3 | P44: =SUM(P36:P42) -> 1340
A46: 12021600 | B46: 50108 | C46: Elected Officials | D46: =ROUNDUP((5249.52),0) -> 5250 | F46: =H46/J46 -> 0 | H46: =D46-J46 -> 0 | J46: =ROUNDUP((5249.52),0) -> 5250 | L46: =N46/P46 -> 0 | N46: =J46-P46 -> 0 | P46: 5250
A47: 12021600 | B47: 50202 | C47: Workers Comp Insurance | D47: =ROUNDUP((24.56),0) -> 25 | F47: =H47/J47 -> 0 | H47: =D47-J47 -> 0 | J47: =ROUNDUP((24.56),0) -> 25 | L47: =N47/P47 -> 0.78571429 | N47: =J47-P47 -> 11 | P47: 14
A48: 12021600 | B48: 50230 | C48: FICA Employer Costs | D48: =ROUNDUP((401.59),0) -> 402 | F48: =H48/J48 -> 0 | H48: =D48-J48 -> 0 | J48: =ROUNDUP((401.59),0) -> 402 | L48: =N48/P48 -> 0 | N48: =J48-P48 -> 0 | P48: 402
A49: 12021600 | B49: 50301 | C49: Office Supplies | D49: 250 | F49: =H49/J49 -> 0 | H49: =D49-J49 -> 0 | J49: 250 | L49: =N49/P49 -> 0 | N49: =J49-P49 -> 0 | P49: 250
A50: 12021600 | B50: 50306 | C50: Postage | D50: 200 | F50: =H50/J50 -> 0 | H50: =D50-J50 -> 0 | J50: 200 | L50: =N50/P50 -> 0.33333333 | N50: =J50-P50 -> 50 | P50: 150
A51: 12021600 | B51: 50307 | C51: Advertising | D51: 1000 | F51: =H51/J51 -> 0 | H51: =D51-J51 -> 0 | J51: 1000 | L51: =N51/P51 -> 0.33333333 | N51: =J51-P51 -> 250 | P51: 750
A52: 12021600 | B52: 50401 | C52: Professional Development | D52: 400 | F52: =H52/J52 -> 0 | H52: =D52-J52 -> 0 | J52: 400 | L52: =N52/P52 -> 0 | N52: =J52-P52 -> 0 | P52: 400
A53: 12021600 | B53: 50451 | C53: Contracted Professional Servic | D53: 25000 | F53: =H53/J53 -> 0 | H53: =D53-J53 -> 0 | J53: 25000 | L53: =N53/P53 -> 0 | N53: =J53-P53 -> 0 | P53: =15000+10000 -> 25000
C55: Total 12021600 Planning Board | D55: =SUM(D46:D53) -> 32527 | F55: =H55/J55 -> 0 | H55: =SUM(H46:H53) -> 0 | J55: =SUM(J46:J53) -> 32527 | L55: =N55/P55 -> 0.0096535883 | N55: =SUM(N46:N53) -> 311 | P55: =SUM(P46:P53) -> 32216
A57: 12022000 | B57: 50450 | C57: Legal expense | D57: 70000 | F57: =H57/J57 -> 0 | H57: =D57-J57 -> 0 | J57: 70000 | L57: =N57/P57 -> 0 | N57: =J57-P57 -> 0 | P57: 70000
C59: Total 12022000 Legal | D59: =SUM(D57) -> 70000 | F59: =H59/J59 -> 0 | H59: =H57 -> 0 | J59: =SUM(J57) -> 70000 | L59: =N59/P59 -> 0 | N59: =SUM(N57) -> 0 | P59: =P57 -> 70000
A61: 12022500 | B61: 50102 | C61: Department Head | D61: =ROUNDUP((64272),0) -> 64272 | F61: =H61/J61 -> 0 | H61: =D61-J61 -> 0 | J61: 64272 | L61: =N61/P61 -> 0 | N61: =J61-P61 -> 0 | P61: 64272
A62: 12022500 | B62: 50104 | C62: Non Supervisory | D62: =ROUNDUP((51903),0) -> 51903 | F62: =H62/J62 -> -0.03238255 | H62: =D62-J62 -> -1737 | J62: =ROUNDUP((36999.25+16640),0) -> 53640 | L62: =N62/P62 -> 0.38193997 | N62: =J62-P62 -> 14825 | P62: 38815 | Q62: CHANGE IN PERSONNEL AND 3% COLA
A63: 12022500 | B63: 50130 | C63: Temporary/seasonal | D63: =ROUNDUP((10000),0) -> 10000 | F63: =H63/J63 -> 0 | H63: =D63-J63 -> 0 | J63: 10000 | L63: =N63/P63 -> 0.25 | N63: =J63-P63 -> 2000 | P63: 8000
A64: 12022500 | B64: 50140 | C64: Overtime wages | D64: =ROUNDUP((2600),0) -> 2600 | F64: =H64/J64 -> 0 | H64: =D64-J64 -> 0 | J64: 2600 | L64: =N64/P64 -> 0 | N64: =J64-P64 -> 0 | P64: 2600
A65: 12022500 | B65: 50201 | C65: Unemployment Costs | D65: =ROUNDUP((238.14),0) -> 239 | F65: =H65/J65 -> 0 | H65: =D65-J65 -> 0 | J65: =ROUNDUP((238.14),0) -> 239 | L65: =N65/P65 -> 0.28494624 | N65: =J65-P65 -> 53 | P65: 186
A66: 12022500 | B66: 50202 | C66: Workers Comp Insurance | D66: =ROUNDUP((602.45),0) -> 603 | F66: =H66/J66 -> -0.01309329 | H66: =D66-J66 -> -8 | J66: =ROUNDUP((610.57),0) -> 611 | L66: =N66/P66 -> 0.86280488 | N66: =J66-P66 -> 283 | P66: 328
A67: 12022500 | B67: 50210 | C67: MEPERS - Employer Share | D67: =ROUNDUP((10329.67),0) -> 10330 | F67: =H67/J67 -> 0 | H67: =D67-J67 -> 0 | J67: =ROUNDUP((10329.67),0) -> 10330 | L67: =N67/P67 -> 0.010763209 | N67: =J67-P67 -> 110 | P67: 10220
A68: 12022500 | B68: 50220 | C68: Health Insurance | D68: =ROUNDUP((14985.12),0) -> 14986 | F68: =H68/J68 -> 0 | H68: =D68-J68 -> 0 | J68: =ROUNDUP((14985.12),0) -> 14986 | L68: =N68/P68 -> -0.57863068 | N68: =J68-P68 -> -20579 | P68: 35565
A69: 12022500 | B69: 50230 | C69: FICA Employer Costs | D69: =ROUNDUP((9851.25),0) -> 9852 | F69: =H69/J69 -> -0.01331998 | H69: =D69-J69 -> -133 | J69: =ROUNDUP((9984.11),0) -> 9985 | L69: =N69/P69 -> 0.14809704 | N69: =J69-P69 -> 1288 | P69: 8697
A70: 12022500 | B70: 50301 | C70: Office Supplies | D70: 5300 | F70: =H70/J70 -> 0 | H70: =D70-J70 -> 0 | J70: 5300 | L70: =N70/P70 -> 1.65 | N70: =J70-P70 -> 3300 | P70: 2000
A71: 12022500 | B71: 50306 | C71: Postage | D71: 4200 | F71: =H71/J71 -> 0 | H71: =D71-J71 -> 0 | J71: 4200 | L71: =N71/P71 -> 1.625 | N71: =J71-P71 -> 2600 | P71: 1600
A72: 12022500 | B72: 50307 | C72: Advertising | D72: 1800 | F72: =H72/J72 -> 0 | H72: =D72-J72 -> 0 | J72: =1000+800 -> 1800 | L72: =N72/P72 -> 1.25 | N72: =J72-P72 -> 1000 | P72: 800
A73: 12022500 | B73: 50308 | C73: Printing | D73: 5200 | F73: =H73/J73 -> 0 | H73: =D73-J73 -> 0 | J73: 5200 | L73: =N73/P73 -> 0.92592593 | N73: =J73-P73 -> 2500 | P73: 2700
A74: 12022500 | B74: 50352 | C74: Cell Phone/Allowances | D74: 420 | F74: =H74/J74 -> 0 | H74: =D74-J74 -> 0 | J74: 420 | L74: =N74/P74 -> 0 | N74: =J74-P74 -> 0 | P74: 420
A75: 12022500 | B75: 50401 | C75: Professional Development | D75: 2000 | F75: =H75/J75 -> 0 | H75: =D75-J75 -> 0 | J75: 2000 | L75: =N75/P75 -> 0.11111111 | N75: =J75-P75 -> 200 | P75: 1800
A76: 12022500 | B76: 50402 | C76: Dues and Memberships | D76: 400 | F76: =H76/J76 -> 0 | H76: =D76-J76 -> 0 | J76: 400 | L76: =N76/P76 -> 0 | N76: =J76-P76 -> 0 | P76: 400
A77: 12022500 | B77: 50412 | C77: Meals and Lodging | D77: 1010 | F77: =H77/J77 -> 0 | H77: =D77-J77 -> 0 | J77: 1010 | L77: =N77/P77 -> 0 | N77: =J77-P77 -> 0 | P77: 1010
A78: 12022500 | B78: 50413 | C78: Mileage/ travel reimbursement | D78: 450 | F78: =H78/J78 -> 0 | H78: =D78-J78 -> 0 | J78: 450 | L78: =N78/P78 -> 0 | N78: =J78-P78 -> 0 | P78: 450
A79: 12022500 | B79: 50451 | C79: Contracted Professional Servic | D79: 2260 | F79: =H79/J79 -> 0 | H79: =D79-J79 -> 0 | J79: 2260 | L79: =N79/P79 -> 0.79365079 | N79: =J79-P79 -> 1000 | P79: 1260
A80: 12022500 | B80: 50455 | C80: Profesional Services | D80: 10450 | F80: =H80/J80 -> 0 | H80: =D80-J80 -> 0 | J80: 10450 | L80: =N80/P80 -> 0 | N80: =J80-P80 -> 0 | P80: 10450
A81: 12022500 | B81: 50536 | C81: R&M: Equipment | D81: 2800 | F81: =H81/J81 -> 0 | H81: =D81-J81 -> 0 | J81: 2800 | L81: =N81/P81 -> 0 | N81: =J81-P81 -> 0 | P81: 2800
C83: Total 12022500 Clerk | D83: =SUM(D61:D81) -> 201075 | F83: =H83/J83 -> -0.0092533739 | H83: =SUM(H61:H81) -> -1878 | J83: =SUM(J61:J81) -> 202953 | L83: =N83/P83 -> 0.044141933 | N83: =SUM(N61:N81) -> 8580 | P83: =SUM(P61:P81) -> 194373
A85: 12023000 | B85: 50102 | C85: Department Head | D85: =ROUNDUP((90280.74),0) -> 90281 | F85: =H85/J85 -> 0 | H85: =D85-J85 -> 0 | J85: =ROUNDUP((90280.74),0) -> 90281 | L85: =N85/P85 -> 0.030064122 | N85: =J85-P85 -> 2635 | P85: 87646 | Q85: 3% COLA
A86: 12023000 | B86: 50104 | C86: Non Supervisory | D86: =ROUNDUP((94163.58),0) -> 94164 | F86: =H86/J86 -> 0.080841588 | H86: =D86-J86 -> 7043 | J86: =ROUNDUP((34160.57+52960.13),0) -> 87121 | L86: =N86/P86 -> 0.032373888 | N86: =J86-P86 -> 2732 | P86: 84389 | Q86: 3% COLA - Finance Assistant/Payroll Specialist
A87: 12023000 | B87: 50140 | C87: Overtime wages | D87: 1500 | F87: =H87/J87 -> 0 | H87: =D87-J87 -> 0 | J87: 1500 | L87: =N87/P87 -> 2 | N87: =J87-P87 -> 1000 | P87: 500
A88: 12023000 | B88: 50201 | C88: Unemployment Costs | D88: =ROUNDUP((176.4),0) -> 177 | F88: =H88/J88 -> 0 | H88: =D88-J88 -> 0 | J88: =ROUNDUP((176.4),0) -> 177 | L88: =N88/P88 -> -0.20982143 | N88: =J88-P88 -> -47 | P88: 224
A89: 12023000 | B89: 50202 | C89: Workers Comp Insurance | D89: =ROUNDUP((869.89),0) -> 870 | F89: =H89/J89 -> 0.039426523 | H89: =D89-J89 -> 33 | J89: =ROUNDUP((836.96),0) -> 837 | L89: =N89/P89 -> 0.95560748 | N89: =J89-P89 -> 409 | P89: 428
A90: 12023000 | B90: 50210 | C90: MEPERS - Employer Share | D90: =ROUNDUP((18813.01),0) -> 18814 | F90: =H90/J90 -> 0.039734733 | H90: =D90-J90 -> 719 | J90: =ROUNDUP((18094.95),0) -> 18095 | L90: =N90/P90 -> 0.031171643 | N90: =J90-P90 -> 547 | P90: 17548
A91: 12023000 | B91: 50220 | C91: Health Insurance | D91: =ROUNDUP((51582.68),0) -> 51583 | F91: =H91/J91 -> 0 | H91: =D91-J91 -> 0 | J91: =ROUNDUP((51582.68),0) -> 51583 | L91: =N91/P91 -> 0.10586344 | N91: =J91-P91 -> 4938 | P91: 46645
A92: 12023000 | B92: 50230 | C92: FICA Employer Costs | D92: =ROUNDUP((14224.51),0) -> 14225 | F92: =H92/J92 -> 0.039383311 | H92: =D92-J92 -> 539 | J92: =ROUNDUP((13685.96),0) -> 13686 | L92: =N92/P92 -> 0.036896735 | N92: =J92-P92 -> 487 | P92: 13199
A93: 12023000 | B93: 50301 | C93: Office Supplies | D93: 3000 | F93: =H93/J93 -> 0 | H93: =D93-J93 -> 0 | J93: 3000 | L93: =N93/P93 -> 0 | N93: =J93-P93 -> 0 | P93: 3000
A94: 12023000 | B94: 50306 | C94: Postage | D94: 1000 | F94: =H94/J94 -> 0 | H94: =D94-J94 -> 0 | J94: 1000 | L94: =N94/P94 -> 0.25 | N94: =J94-P94 -> 200 | P94: 800
A95: 12023000 | B95: 50352 | C95: Cell Phone/Allowances | D95: 420 | F95: =H95/J95 -> 0 | H95: =D95-J95 -> 0 | J95: 420 | L95: =N95/P95 -> 0 | N95: =J95-P95 -> 0 | P95: 420
A96: 12023000 | B96: 50401 | C96: Professional Development | D96: 4400 | F96: =H96/J96 -> 0 | H96: =D96-J96 -> 0 | J96: 4400 | L96: =N96/P96 -> 0 | N96: =J96-P96 -> 0 | P96: 4400
A97: 12023000 | B97: 50402 | C97: Dues and Memberships | D97: 500 | F97: =H97/J97 -> 0 | H97: =D97-J97 -> 0 | J97: 500 | L97: =N97/P97 -> 0 | N97: =J97-P97 -> 0 | P97: 500
A98: 12023000 | B98: 50413 | C98: Mileage/ travel reimbursement | D98: 1000 | F98: =H98/J98 -> 0 | H98: =D98-J98 -> 0 | J98: 1000 | L98: =N98/P98 -> 1 | N98: =J98-P98 -> 500 | P98: 500
A99: 12023000 | B99: 50451 | C99: Contracted Professional Servic | D99: 1636 | F99: =H99/J99 -> 0 | H99: =D99-J99 -> 0 | J99: 1636 | L99: =N99/P99 -> 0 | N99: =J99-P99 -> 0 | P99: 1636
C101: Total 12023000 Finance | D101: =SUM(D85:D99) -> 283570 | F101: =H101/J101 -> 0.030279469 | H101: =SUM(H85:H99) -> 8334 | J101: =SUM(J85:J99) -> 275236 | L101: =N101/P101 -> 0.051181087 | N101: =SUM(N85:N99) -> 13401 | P101: =SUM(P85:P99) -> 261835
A103: 12023500 | B103: 50102 | C103: Department Head | D103: 70000 | F103: =H103/J103 -> 0 | H103: =D103-J103 -> 0 | J103: 70000 | L103: 1 | N103: =J103-P103 -> 70000 | P103: 0 | Q103: NEW POSITION - TAX COLLECTOR/FRONT OFFICE MANAGER
A104: 12023500 | B104: 50104 | C104: Non Supervisory | D104: =ROUNDUP((120938.48),0) -> 120939 | F104: =H104/J104 -> 0 | H104: =D104-J104 -> 0 | J104: =ROUNDUP((120938.48),0) -> 120939 | L104: =N104/P104 -> 0.029925484 | N104: =J104-P104 -> 3514 | P104: 117425 | Q104: 3% COLA
A105: 12023500 | B105: 50140 | C105: Overtime | D105: 2500 | F105: =H105/J105 -> 0 | H105: =D105-J105 -> 0 | J105: 2500 | L105: =N105/P105 -> 0 | N105: =J105-P105 -> 0 | P105: 2500
A106: 12023500 | B106: 50201 | C106: Unemployment Costs | D106: =ROUNDUP((235.2),0) -> 236 | F106: =H106/J106 -> 0 | H106: =D106-J106 -> 0 | J106: =ROUNDUP((235.2),0) -> 236 | L106: =N106/P106 -> 0.053571429 | N106: =J106-P106 -> 12 | P106: 224
A107: 12023500 | B107: 50202 | C107: Workers Comp Insurance | D107: =ROUNDUP((904.97),0) -> 905 | F107: =H107/J107 -> 0 | H107: =D107-J107 -> 0 | J107: =ROUNDUP((904.97),0) -> 905 | L107: =N107/P107 -> 1.6854599 | N107: =J107-P107 -> 568 | P107: 337
A108: 12023500 | B108: 50210 | C108: MEPERS - Employer Share | D108: =ROUNDUP((19475.72),0) -> 19476 | F108: =H108/J108 -> 0 | H108: =D108-J108 -> 0 | J108: =ROUNDUP((19475.72),0) -> 19476 | L108: =N108/P108 -> 0.62598097 | N108: =J108-P108 -> 7498 | P108: 11978
A109: 12023500 | B109: 50220 | C109: Health Insurance | D109: =ROUNDUP((77547.68),0) -> 77548 | F109: =H109/J109 -> 0 | H109: =D109-J109 -> 0 | J109: =ROUNDUP((77547.68),0) -> 77548 | L109: =N109/P109 -> 0.98963465 | N109: =J109-P109 -> 38572 | P109: 38976
A110: 12023500 | B110: 50230 | C110: FICA Employer Costs | D110: =ROUNDUP((14798.04),0) -> 14799 | F110: =H110/J110 -> 0 | H110: =D110-J110 -> 0 | J110: =ROUNDUP((14798.04),0) -> 14799 | L110: =N110/P110 -> 0.61314585 | N110: =J110-P110 -> 5625 | P110: 9174
A111: 12023500 | B111: 50301 | C111: Office Supplies | D111: 3000 | F111: =H111/J111 -> 0 | H111: =D111-J111 -> 0 | J111: 3000 | L111: =N111/P111 -> 0 | N111: =J111-P111 -> 0 | P111: 3000
A112: 12023500 | B112: 50306 | C112: Postage | D112: 8000 | F112: =H112/J112 -> 0 | H112: =D112-J112 -> 0 | J112: 8000 | L112: =N112/P112 -> 0 | N112: =J112-P112 -> 0 | P112: 8000
A113: 12023500 | B113: 50401 | C113: Professional Development | D113: 1000 | F113: =H113/J113 -> 0 | H113: =D113-J113 -> 0 | J113: 1000 | L113: =N113/P113 -> 0.66666667 | N113: =J113-P113 -> 400 | P113: 600
A114: 12023500 | B114: 50402 | C114: Dues and Memberships | D114: 100 | F114: =H114/J114 -> 0 | H114: =D114-J114 -> 0 | J114: 100 | L114: 1 | N114: =J114-P114 -> 100 | P114: 0
A115: 12023500 | B115: 50413 | C115: Mileage/ travel reimbursement | D115: 500 | F115: =H115/J115 -> 0 | H115: =D115-J115 -> 0 | J115: 500 | L115: =N115/P115 -> 0 | N115: =J115-P115 -> 0 | P115: 500
...

Sheet FY24 Depart Head Budget Print
D2: FY24 | F2: compare Managerial to Department | H2: compare Managerial to Department | J2: FY24 | L2: Compare FY24 to FY23 | N2: Compare FY24 to FY23 | P2: FY23 | Q2: COMMENTS
A3: ORG | B3: OBJ | C3: ACCOUNT DESCRIPTION | D3: FY24 Projected Managerial Budget Appropriation | F3: % Change between Department Head Budget Appropriation and Managerial Budget Appropriation | H3: $ Change between Department Head Budget Appropriation and Managerial Budget Appropriation | J3: FY24 Projected Department Head Budget Appropriation | L3: % Change between FY23 Approved Budget and FY24 Projected Department Head Budget | N3: $Amount Increase/(Decrease) FY23 Budget compared to FY24 Department Head Budget | P3: FY23 Approved Budget Appropriation
A4: 12020500 | B4: 50108 | C4: Elected Officals | D4: =ROUNDUP((19500.52),0) -> 19501 | F4: =H4/J4 -> 0 | H4: =D4-J4 -> 0 | J4: =ROUNDUP((19500.52),0) -> 19501 | L4: =N4/P4 -> -0.00035882715 | N4: =J4-P4 -> -7 | P4: 19508
A5: 12020500 | B5: 50202 | C5: Workers Comp Insurance | D5: =ROUNDUP((91.23),0) -> 92 | F5: =H5/J5 -> 0 | H5: =D5-J5 -> 0 | J5: =ROUNDUP((91.23),0) -> 92 | L5: =N5/P5 -> 0.61403509 | N5: =J5-P5 -> 35 | P5: 57
A6: 12020500 | B6: 50230 | C6: FICA Employer Costs | D6: =ROUNDUP((1491.79),0) -> 1492 | F6: =H6/J6 -> 0 | H6: =D6-J6 -> 0 | J6: =ROUNDUP((1491.79),0) -> 1492 | L6: =N6/P6 -> 0 | N6: =J6-P6 -> 0 | P6: 1492
A7: 12020500 | B7: 50301 | C7: Office Supplies | D7: 250 | F7: =H7/J7 -> 0 | H7: =D7-J7 -> 0 | J7: 250 | L7: =N7/P7 -> -0.5 | N7: =J7-P7 -> -250 | P7: 500
A8: 12020500 | B8: 50305 | C8: Books and Periodicals | D8: 150 | F8: =H8/J8 -> 0 | H8: =D8-J8 -> 0 | J8: 150 | L8: 1 | N8: =J8-P8 -> 150 | P8: 0
A9: 12020500 | B9: 50306 | C9: Postage | D9: 50 | F9: =H9/J9 -> 0 | H9: =D9-J9 -> 0 | J9: 50 | L9: =N9/P9 -> 0 | N9: =J9-P9 -> 0 | P9: 50
A10: 12020500 | B10: 50307 | C10: Advertising | D10: 0 | F10: 0 | H10: =D10-J10 -> 0 | J10: 0 | L10: =N10/P10 -> -1 | N10: =J10-P10 -> -800 | P10: 800
A11: 12020500 | B11: 50401 | C11: Professional Development | D11: 500 | F11: =H11/J11 -> 0 | H11: =D11-J11 -> 0 | J11: 500 | L11: =N11/P11 -> 0 | N11: =J11-P11 -> 0 | P11: 500
A12: 12020500 | B12: 50960 | C12: Employee Recognition | D12: =5000+1200 -> 6200 | F12: =H12/J12 -> 0.24 | H12: =D12-J12 -> 1200 | J12: 5000 | L12: =N12/P12 -> 0 | N12: =J12-P12 -> 0 | P12: 5000
C14: Total 12050500 Elected Officals | D14: =SUM(D4:D12) -> 28235 | F14: =H14/J14 -> 0.044386906 | H14: =SUM(H4:H12) -> 1200 | J14: =SUM(J4:J12) -> 27035 | L14: =N14/P14 -> -0.031246641 | N14: =SUM(N4:N12) -> -872 | P14: =SUM(P4:P12) -> 27907
A16: 12021000 | B16: 50101 | C16: Town Manager | D16: 113300 | F16: =H16/J16 -> 0 | H16: =D16-J16 -> 0 | J16: 113300 | L16: =N16/P16 -> 0.018701672 | N16: =J16-P16 -> 2080 | P16: 111220 | Q16: 3% COLA
A17: 12021000 | B17: 50104 | C17: Non Supervisory | D17: =ROUNDUP((177841.52),0) -> 177842 | F17: =H17/J17 -> 0.040650692 | H17: =D17-J17 -> 6947 | J17: =ROUNDUP((170894.32),0) -> 170895 | L17: =N17/P17 -> 0.029456944 | N17: =J17-P17 -> 4890 | P17: 166005 | Q17: 3% COLA - FILLED POSITIONS WERE LESS THAN FY23 BUDGET
A18: 12021000 | B18: 50107 | C18: Administrative | D18: =ROUNDUP((48734.4),0) -> 48735 | F18: =H18/J18 -> 0.033988925 | H18: =D18-J18 -> 1602 | J18: =ROUNDUP((47132.8),0) -> 47133 | L18: =N18/P18 -> 0.030004371 | N18: =J18-P18 -> 1373 | P18: 45760 | Q18: 3% COLA
A19: 12021000 | B19: 50201 | C19: Unemployment Costs | D19: =ROUNDUP((235.2),0) -> 236 | F19: =H19/J19 -> 0 | H19: =D19-J19 -> 0 | J19: =ROUNDUP((235.2),0) -> 236 | L19: =N19/P19 -> -0.20805369 | N19: =J19-P19 -> -62 | P19: 298
A20: 12021000 | B20: 50202 | C20: Workers Comp Insurance | D20: =ROUNDUP((4849.82),0) -> 4850 | F20: =H20/J20 -> 0.0083160083 | H20: =D20-J20 -> 40 | J20: =ROUNDUP((4809.82),0) -> 4810 | L20: =N20/P20 -> 0.36183465 | N20: =J20-P20 -> 1278 | P20: 3532
A21: 12021000 | B21: 50210 | C21: MEPERS - Employer Share | D21: =ROUNDUP((34667.34),0) -> 34668 | F21: =H21/J21 -> 0.02580187 | H21: =D21-J21 -> 872 | J21: =ROUNDUP((33795.37),0) -> 33796 | L21: =N21/P21 -> 0.025862069 | N21: =J21-P21 -> 852 | P21: 32944
A22: 12021000 | B22: 50220 | C22: Health Insurance | D22: =ROUNDUP((30774.57),0) -> 30775 | F22: =H22/J22 -> 0 | H22: =D22-J22 -> 0 | J22: =ROUNDUP((30774.57),) -> 30775 | L22: =N22/P22 -> -0.5185388 | N22: =J22-P22 -> -33145 | P22: 63920
A23: 12021000 | B23: 50230 | C23: FICA Employer Costs | D23: =ROUNDUP((26000.51),0) -> 26001 | F23: =H23/J23 -> 0.02580187 | H23: =D23-J23 -> 654 | J23: =ROUNDUP((25346.52),0) -> 25347 | L23: =N23/P23 -> 0.025862069 | N23: =J23-P23 -> 639 | P23: 24708
A24: 12021000 | B24: 50301 | C24: Office Supplies | D24: 2000 | F24: =H24/J24 -> 0 | H24: =D24-J24 -> 0 | J24: 2000 | L24: =N24/P24 -> 0 | N24: =J24-P24 -> 0 | P24: 2000
A25: 12021000 | B25: 50306 | C25: Postage | D25: 75 | F25: =H25/J25 -> 0 | H25: =D25-J25 -> 0 | J25: 75 | L25: =N25/P25 -> -0.75 | N25: =J25-P25 -> -225 | P25: 300
A26: 12021000 | B26: 50307 | C26: Advertising | D26: 1000 | F26: =H26/J26 -> 0 | H26: =D26-J26 -> 0 | J26: 1000 | L26: =N26/P26 -> 0 | N26: =J26-P26 -> 0 | P26: 1000
A27: 12021000 | B27: 50352 | C27: Cell Phone/Allowances | D27: 1260 | F27: =H27/J27 -> 0 | H27: =D27-J27 -> 0 | J27: 1260 | L27: =N27/P27 -> 0 | N27: =J27-P27 -> 0 | P27: 1260
A28: 12021000 | B28: 50401 | C28: Professional Development | D28: 7000 | F28: =H28/J28 -> 0 | H28: =D28-J28 -> 0 | J28: 7000 | L28: =N28/P28 -> 0.75 | N28: =J28-P28 -> 3000 | P28: 4000
A29: 12021000 | B29: 50402 | C29: Dues and Memberships | D29: 2000 | F29: =H29/J29 -> 0 | H29: =D29-J29 -> 0 | J29: 2000 | L29: =N29/P29 -> 19 | N29: =J29-P29 -> 1900 | P29: 100
A30: 12021000 | B30: 50413 | C30: Mileage/ travel reimbursement | D30: 6020 | F30: =H30/J30 -> 0 | H30: =D30-J30 -> 0 | J30: 6020 | L30: =N30/P30 -> 1.0758621 | N30: =J30-P30 -> 3120 | P30: 2900
A31: 12021000 | B31: 50451 | C31: Contracted Professional Svs | D31: 5000 | F31: 1 | H31: =D31-J31 -> 5000 | J31: 0 | L31: 0 | N31: =J31-P31 -> 0 | P31: 0 | Q31: HR Consulting - Town Manager evaluations
A32: 12021000 | B32: 50452 | C32: Audit services | D32: 12934 | F32: =H32/J32 -> 0 | H32: =D32-J32 -> 0 | J32: 12934 | L32: =N32/P32 -> 0.30199315 | N32: =J32-P32 -> 3000 | P32: 9934
C34: Total 12021000 Town Manager | D34: =SUM(D16:D32) -> 473696 | F34: =H34/J34 -> 0.032960371 | H34: =SUM(H16:H33) -> 15115 | J34: =SUM(J16:J32) -> 458581 | L34: =N34/P34 -> -0.024048642 | N34: =SUM(N16:N32) -> -11300 | P34: =SUM(P16:P32) -> 469881
A36: 12021500 | B36: 50108 | C36: Elected Officials | D36: =ROUNDUP((787.8),0) -> 788 | F36: =H36/J36 -> 0 | H36: =D36-J36 -> 0 | J36: =ROUNDUP((787.8),0) -> 788 | L36: =N36/P36 -> -0.0012674271 | N36: =J36-P36 -> -1 | P36: 789
A37: 12021500 | B37: 50202 | C37: Workers Comp Insurance | D37: =ROUNDUP((3.69),0) -> 4 | F37: =H37/J37 -> 0 | H37: =D37-J37 -> 0 | J37: =ROUNDUP((3.69),0) -> 4 | L37: =N37/P37 -> 3 | N37: =J37-P37 -> 3 | P37: 1
A38: 12021500 | B38: 50230 | C38: FICA Employer Costs | D38: =ROUNDUP((60.27),0) -> 61 | F38: =H38/J38 -> 0 | H38: =D38-J38 -> 0 | J38: =ROUNDUP((60.27),0) -> 61 | L38: =N38/P38 -> 0.016666667 | N38: =J38-P38 -> 1 | P38: 60
A39: 12021500 | B39: 50301 | C39: Office Supplies | D39: 50 | F39: =H39/J39 -> 0 | H39: =D39-J39 -> 0 | J39: 50 | L39: =N39/P39 -> 0 | N39: =J39-P39 -> 0 | P39: 50
A40: 12021500 | B40: 50306 | C40: Postage | D40: 50 | F40: =H40/J40 -> 0 | H40: =D40-J40 -> 0 | J40: 50 | L40: =N40/P40 -> 0 | N40: =J40-P40 -> 0 | P40: 50
A41: 12021500 | B41: 50307 | C41: Advertising | D41: 250 | F41: =H41/J41 -> 0 | H41: =D41-J41 -> 0 | J41: 250 | L41: =N41/P41 -> 0 | N41: =J41-P41 -> 0 | P41: 250
A42: 12021500 | B42: 50401 | C42: Professional Development | D42: 140 | F42: =H42/J42 -> 0 | H42: =D42-J42 -> 0 | J42: 140 | L42: =N42/P42 -> 0 | N42: =J42-P42 -> 0 | P42: 140
C44: Total 12021500 Appeals Board | D44: =SUM(D36:D42) -> 1343 | F44: =H44/J44 -> 0 | H44: =SUM(H36:H42) -> 0 | J44: =SUM(J36:J42) -> 1343 | L44: =N44/P44 -> 0.002238806 | N44: =SUM(N36:N42) -> 3 | P44: =SUM(P36:P42) -> 1340
A46: 12021600 | B46: 50108 | C46: Elected Officials | D46: =ROUNDUP((5249.52),0) -> 5250 | F46: =H46/J46 -> 0 | H46: =D46-J46 -> 0 | J46: =ROUNDUP((5249.52),0) -> 5250 | L46: =N46/P46 -> 0 | N46: =J46-P46 -> 0 | P46: 5250
A47: 12021600 | B47: 50202 | C47: Workers Comp Insurance | D47: =ROUNDUP((24.56),0) -> 25 | F47: =H47/J47 -> 0 | H47: =D47-J47 -> 0 | J47: =ROUNDUP((24.56),0) -> 25 | L47: =N47/P47 -> 0.78571429 | N47: =J47-P47 -> 11 | P47: 14
A48: 12021600 | B48: 50230 | C48: FICA Employer Costs | D48: =ROUNDUP((401.59),0) -> 402 | F48: =H48/J48 -> 0 | H48: =D48-J48 -> 0 | J48: =ROUNDUP((401.59),0) -> 402 | L48: =N48/P48 -> 0 | N48: =J48-P48 -> 0 | P48: 402
A49: 12021600 | B49: 50301 | C49: Office Supplies | D49: 250 | F49: =H49/J49 -> 0 | H49: =D49-J49 -> 0 | J49: 250 | L49: =N49/P49 -> 0 | N49: =J49-P49 -> 0 | P49: 250
A50: 12021600 | B50: 50306 | C50: Postage | D50: 200 | F50: =H50/J50 -> 0 | H50: =D50-J50 -> 0 | J50: 200 | L50: =N50/P50 -> 0.33333333 | N50: =J50-P50 -> 50 | P50: 150
A51: 12021600 | B51: 50307 | C51: Advertising | D51: 1000 | F51: =H51/J51 -> 0 | H51: =D51-J51 -> 0 | J51: 1000 | L51: =N51/P51 -> 0.33333333 | N51: =J51-P51 -> 250 | P51: 750
A52: 12021600 | B52: 50401 | C52: Professional Development | D52: 400 | F52: =H52/J52 -> 0 | H52: =D52-J52 -> 0 | J52: 400 | L52: =N52/P52 -> 0 | N52: =J52-P52 -> 0 | P52: 400
A53: 12021600 | B53: 50451 | C53: Contracted Professional Servic | D53: 25000 | F53: =H53/J53 -> 0 | H53: =D53-J53 -> 0 | J53: 25000 | L53: =N53/P53 -> 0 | N53: =J53-P53 -> 0 | P53: =15000+10000 -> 25000
C55: Total 12021600 Planning Board | D55: =SUM(D46:D53) -> 32527 | F55: =H55/J55 -> 0 | H55: =SUM(H46:H53) -> 0 | J55: =SUM(J46:J53) -> 32527 | L55: =N55/P55 -> 0.0096535883 | N55: =SUM(N46:N53) -> 311 | P55: =SUM(P46:P53) -> 32216
A56: ORG | B56: OBJ | C56: ACCOUNT DESCRIPTION | D56: FY24 Projected Managerial Budget Appropriation | F56: % Change between Department Head Budget Appropriation and Managerial Budget Appropriation | H56: $ Change between Department Head Budget Appropriation and Managerial Budget Appropriation | J56: FY24 Projected Department Head Budget Appropriation | L56: % Change between FY23 Approved Budget and FY24 Projected Department Head Budget | N56: $Amount Increase/(Decrease) FY23 Budget compared to FY24 Department Head Budget | P56: FY23 Approved Budget Appropriation
A58: 12022000 | B58: 50450 | C58: Legal expense | D58: 70000 | F58: =H58/J58 -> 0 | H58: =D58-J58 -> 0 | J58: 70000 | L58: =N58/P58 -> 0 | N58: =J58-P58 -> 0 | P58: 70000
C60: Total 12022000 Legal | D60: =SUM(D58) -> 70000 | F60: =H60/J60 -> 0 | H60: =H58 -> 0 | J60: =SUM(J58) -> 70000 | L60: =N60/P60 -> 0 | N60: =SUM(N58) -> 0 | P60: =P58 -> 70000
A62: 12022500 | B62: 50102 | C62: Department Head | D62: =ROUNDUP((64272),0) -> 64272 | F62: =H62/J62 -> 0 | H62: =D62-J62 -> 0 | J62: 64272 | L62: =N62/P62 -> 0 | N62: =J62-P62 -> 0 | P62: 64272
A63: 12022500 | B63: 50104 | C63: Non Supervisory | D63: =ROUNDUP((51903),0) -> 51903 | F63: =H63/J63 -> -0.03238255 | H63: =D63-J63 -> -1737 | J63: =ROUNDUP((36999.25+16640),0) -> 53640 | L63: =N63/P63 -> 0.38193997 | N63: =J63-P63 -> 14825 | P63: 38815 | Q63: CHANGE IN PERSONNEL AND 3% COLA
A64: 12022500 | B64: 50130 | C64: Temporary/seasonal | D64: =ROUNDUP((10000),0) -> 10000 | F64: =H64/J64 -> 0 | H64: =D64-J64 -> 0 | J64: 10000 | L64: =N64/P64 -> 0.25 | N64: =J64-P64 -> 2000 | P64: 8000
A65: 12022500 | B65: 50140 | C65: Overtime wages | D65: =ROUNDUP((2600),0) -> 2600 | F65: =H65/J65 -> 0 | H65: =D65-J65 -> 0 | J65: 2600 | L65: =N65/P65 -> 0 | N65: =J65-P65 -> 0 | P65: 2600
A66: 12022500 | B66: 50201 | C66: Unemployment Costs | D66: =ROUNDUP((238.14),0) -> 239 | F66: =H66/J66 -> 0 | H66: =D66-J66 -> 0 | J66: =ROUNDUP((238.14),0) -> 239 | L66: =N66/P66 -> 0.28494624 | N66: =J66-P66 -> 53 | P66: 186
A67: 12022500 | B67: 50202 | C67: Workers Comp Insurance | D67: =ROUNDUP((602.45),0) -> 603 | F67: =H67/J67 -> -0.01309329 | H67: =D67-J67 -> -8 | J67: =ROUNDUP((610.57),0) -> 611 | L67: =N67/P67 -> 0.86280488 | N67: =J67-P67 -> 283 | P67: 328
A68: 12022500 | B68: 50210 | C68: MEPERS - Employer Share | D68: =ROUNDUP((10329.67),0) -> 10330 | F68: =H68/J68 -> 0 | H68: =D68-J68 -> 0 | J68: =ROUNDUP((10329.67),0) -> 10330 | L68: =N68/P68 -> 0.010763209 | N68: =J68-P68 -> 110 | P68: 10220
A69: 12022500 | B69: 50220 | C69: Health Insurance | D69: =ROUNDUP((14985.12),0) -> 14986 | F69: =H69/J69 -> 0 | H69: =D69-J69 -> 0 | J69: =ROUNDUP((14985.12),0) -> 14986 | L69: =N69/P69 -> -0.57863068 | N69: =J69-P69 -> -20579 | P69: 35565
A70: 12022500 | B70: 50230 | C70: FICA Employer Costs | D70: =ROUNDUP((9851.25),0) -> 9852 | F70: =H70/J70 -> -0.01331998 | H70: =D70-J70 -> -133 | J70: =ROUNDUP((9984.11),0) -> 9985 | L70: =N70/P70 -> 0.14809704 | N70: =J70-P70 -> 1288 | P70: 8697
A71: 12022500 | B71: 50301 | C71: Office Supplies | D71: 5300 | F71: =H71/J71 -> 0 | H71: =D71-J71 -> 0 | J71: 5300 | L71: =N71/P71 -> 1.65 | N71: =J71-P71 -> 3300 | P71: 2000
A72: 12022500 | B72: 50306 | C72: Postage | D72: 4200 | F72: =H72/J72 -> 0 | H72: =D72-J72 -> 0 | J72: 4200 | L72: =N72/P72 -> 1.625 | N72: =J72-P72 -> 2600 | P72: 1600
A73: 12022500 | B73: 50307 | C73: Advertising | D73: 1800 | F73: =H73/J73 -> 0 | H73: =D73-J73 -> 0 | J73: =1000+800 -> 1800 | L73: =N73/P73 -> 1.25 | N73: =J73-P73 -> 1000 | P73: 800
A74: 12022500 | B74: 50308 | C74: Printing | D74: 5200 | F74: =H74/J74 -> 0 | H74: =D74-J74 -> 0 | J74: 5200 | L74: =N74/P74 -> 0.92592593 | N74: =J74-P74 -> 2500 | P74: 2700
A75: 12022500 | B75: 50352 | C75: Cell Phone/Allowances | D75: 420 | F75: =H75/J75 -> 0 | H75: =D75-J75 -> 0 | J75: 420 | L75: =N75/P75 -> 0 | N75: =J75-P75 -> 0 | P75: 420
A76: 12022500 | B76: 50401 | C76: Professional Development | D76: 2000 | F76: =H76/J76 -> 0 | H76: =D76-J76 -> 0 | J76: 2000 | L76: =N76/P76 -> 0.11111111 | N76: =J76-P76 -> 200 | P76: 1800
A77: 12022500 | B77: 50402 | C77: Dues and Memberships | D77: 400 | F77: =H77/J77 -> 0 | H77: =D77-J77 -> 0 | J77: 400 | L77: =N77/P77 -> 0 | N77: =J77-P77 -> 0 | P77: 400
A78: 12022500 | B78: 50412 | C78: Meals and Lodging | D78: 1010 | F78: =H78/J78 -> 0 | H78: =D78-J78 -> 0 | J78: 1010 | L78: =N78/P78 -> 0 | N78: =J78-P78 -> 0 | P78: 1010
A79: 12022500 | B79: 50413 | C79: Mileage/ travel reimbursement | D79: 450 | F79: =H79/J79 -> 0 | H79: =D79-J79 -> 0 | J79: 450 | L79: =N79/P79 -> 0 | N79: =J79-P79 -> 0 | P79: 450
A80: 12022500 | B80: 50451 | C80: Contracted Professional Servic | D80: 2260 | F80: =H80/J80 -> 0 | H80: =D80-J80 -> 0 | J80: 2260 | L80: =N80/P80 -> 0.79365079 | N80: =J80-P80 -> 1000 | P80: 1260
A81: 12022500 | B81: 50455 | C81: Profesional Services | D81: 10450 | F81: =H81/J81 -> 0 | H81: =D81-J81 -> 0 | J81: 10450 | L81: =N81/P81 -> 0 | N81: =J81-P81 -> 0 | P81: 10450
A82: 12022500 | B82: 50536 | C82: R&M: Equipment | D82: 2800 | F82: =H82/J82 -> 0 | H82: =D82-J82 -> 0 | J82: 2800 | L82: =N82/P82 -> 0 | N82: =J82-P82 -> 0 | P82: 2800
C84: Total 12022500 Clerk | D84: =SUM(D62:D82) -> 201075 | F84: =H84/J84 -> -0.0092533739 | H84: =SUM(H62:H82) -> -1878 | J84: =SUM(J62:J82) -> 202953 | L84: =N84/P84 -> 0.044141933 | N84: =SUM(N62:N82) -> 8580 | P84: =SUM(P62:P82) -> 194373
A86: 12023000 | B86: 50102 | C86: Department Head | D86: =ROUNDUP((90280.74),0) -> 90281 | F86: =H86/J86 -> 0 | H86: =D86-J86 -> 0 | J86: =ROUNDUP((90280.74),0) -> 90281 | L86: =N86/P86 -> 0.030064122 | N86: =J86-P86 -> 2635 | P86: 87646 | Q86: 3% COLA
A87: 12023000 | B87: 50104 | C87: Non Supervisory | D87: =ROUNDUP((94163.58),0) -> 94164 | F87: =H87/J87 -> 0.080841588 | H87: =D87-J87 -> 7043 | J87: =ROUNDUP((34160.57+52960.13),0) -> 87121 | L87: =N87/P87 -> 0.032373888 | N87: =J87-P87 -> 2732 | P87: 84389 | Q87: 3% COLA - Finance Assistant/Payroll Specialist
A88: 12023000 | B88: 50140 | C88: Overtime wages | D88: 1500 | F88: =H88/J88 -> 0 | H88: =D88-J88 -> 0 | J88: 1500 | L88: =N88/P88 -> 2 | N88: =J88-P88 -> 1000 | P88: 500
A89: 12023000 | B89: 50201 | C89: Unemployment Costs | D89: =ROUNDUP((176.4),0) -> 177 | F89: =H89/J89 -> 0 | H89: =D89-J89 -> 0 | J89: =ROUNDUP((176.4),0) -> 177 | L89: =N89/P89 -> -0.20982143 | N89: =J89-P89 -> -47 | P89: 224
A90: 12023000 | B90: 50202 | C90: Workers Comp Insurance | D90: =ROUNDUP((869.89),0) -> 870 | F90: =H90/J90 -> 0.039426523 | H90: =D90-J90 -> 33 | J90: =ROUNDUP((836.96),0) -> 837 | L90: =N90/P90 -> 0.95560748 | N90: =J90-P90 -> 409 | P90: 428
A91: 12023000 | B91: 50210 | C91: MEPERS - Employer Share | D91: =ROUNDUP((18813.01),0) -> 18814 | F91: =H91/J91 -> 0.039734733 | H91: =D91-J91 -> 719 | J91: =ROUNDUP((18094.95),0) -> 18095 | L91: =N91/P91 -> 0.031171643 | N91: =J91-P91 -> 547 | P91: 17548
A92: 12023000 | B92: 50220 | C92: Health Insurance | D92: =ROUNDUP((51582.68),0) -> 51583 | F92: =H92/J92 -> 0 | H92: =D92-J92 -> 0 | J92: =ROUNDUP((51582.68),0) -> 51583 | L92: =N92/P92 -> 0.10586344 | N92: =J92-P92 -> 4938 | P92: 46645
A93: 12023000 | B93: 50230 | C93: FICA Employer Costs | D93: =ROUNDUP((14224.51),0) -> 14225 | F93: =H93/J93 -> 0.039383311 | H93: =D93-J93 -> 539 | J93: =ROUNDUP((13685.96),0) -> 13686 | L93: =N93/P93 -> 0.036896735 | N93: =J93-P93 -> 487 | P93: 13199
A94: 12023000 | B94: 50301 | C94: Office Supplies | D94: 3000 | F94: =H94/J94 -> 0 | H94: =D94-J94 -> 0 | J94: 3000 | L94: =N94/P94 -> 0 | N94: =J94-P94 -> 0 | P94: 3000
A95: 12023000 | B95: 50306 | C95: Postage | D95: 1000 | F95: =H95/J95 -> 0 | H95: =D95-J95 -> 0 | J95: 1000 | L95: =N95/P95 -> 0.25 | N95: =J95-P95 -> 200 | P95: 800
A96: 12023000 | B96: 50352 | C96: Cell Phone/Allowances | D96: 420 | F96: =H96/J96 -> 0 | H96: =D96-J96 -> 0 | J96: 420 | L96: =N96/P96 -> 0 | N96: =J96-P96 -> 0 | P96: 420
A97: 12023000 | B97: 50401 | C97: Professional Development | D97: 4400 | F97: =H97/J97 -> 0 | H97: =D97-J97 -> 0 | J97: 4400 | L97: =N97/P97 -> 0 | N97: =J97-P97 -> 0 | P97: 4400
A98: 12023000 | B98: 50402 | C98: Dues and Memberships | D98: 500 | F98: =H98/J98 -> 0 | H98: =D98-J98 -> 0 | J98: 500 | L98: =N98/P98 -> 0 | N98: =J98-P98 -> 0 | P98: 500
A99: 12023000 | B99: 50413 | C99: Mileage/ travel reimbursement | D99: 1000 | F99: =H99/J99 -> 0 | H99: =D99-J99 -> 0 | J99: 1000 | L99: =N99/P99 -> 1 | N99: =J99-P99 -> 500 | P99: 500
A100: 12023000 | B100: 50451 | C100: Contracted Professional Servic | D100: 1636 | F100: =H100/J100 -> 0 | H100: =D100-J100 -> 0 | J100: 1636 | L100: =N100/P100 -> 0 | N100: =J100-P100 -> 0 | P100: 1636
C102: Total 12023000 Finance | D102: =SUM(D86:D100) -> 283570 | F102: =H102/J102 -> 0.030279469 | H102: =SUM(H86:H100) -> 8334 | J102: =SUM(J86:J100) -> 275236 | L102: =N102/P102 -> 0.051181087 | N102: =SUM(N86:N100) -> 13401 | P102: =SUM(P86:P100) -> 261835
A104: 12023500 | B104: 50102 | C104: Department Head | D104: 70000 | F104: =H104/J104 -> 0 | H104: =D104-J104 -> 0 | J104: 70000 | L104: 1 | N104: =J104-P104 -> 70000 | P104: 0 | Q104: NEW POSITION - TAX COLLECTOR/FRONT OFFICE MANAGER
A105: 12023500 | B105: 50104 | C105: Non Supervisory | D105: =ROUNDUP((120938.48),0) -> 120939 | F105: =H105/J105 -> 0 | H105: =D105-J105 -> 0 | J105: =ROUNDUP((120938.48),0) -> 120939 | L105: =N105/P105 -> 0.029925484 | N105: =J105-P105 -> 3514 | P105: 117425 | Q105: 3% COLA
A106: 12023500 | B106: 50140 | C106: Overtime | D106: 2500 | F106: =H106/J106 -> 0 | H106: =D106-J106 -> 0 | J106: 2500 | L106: =N106/P106 -> 0 | N106: =J106-P106 -> 0 | P106: 2500
A107: 12023500 | B107: 50201 | C107: Unemployment Costs | D107: =ROUNDUP((235.2),0) -> 236 | F107: =H107/J107 -> 0 | H107: =D107-J107 -> 0 | J107: =ROUNDUP((235.2),0) -> 236 | L107: =N107/P107 -> 0.053571429 | N107: =J107-P107 -> 12 | P107: 224
A108: 12023500 | B108: 50202 | C108: Workers Comp Insurance | D108: =ROUNDUP((904.97),0) -> 905 | F108: =H108/J108 -> 0 | H108: =D108-J108 -> 0 | J108: =ROUNDUP((904.97),0) -> 905 | L108: =N108/P108 -> 1.6854599 | N108: =J108-P108 -> 568 | P108: 337
A109: 12023500 | B109: 50210 | C109: MEPERS - Employer Share | D109: =ROUNDUP((19475.72),0) -> 19476 | F109: =H109/J109 -> 0 | H109: =D109-J109 -> 0 | J109: =ROUNDUP((19475.72),0) -> 19476 | L109: =N109/P109 -> 0.62598097 | N109: =J109-P109 -> 7498 | P109: 11978
A110: 12023500 | B110: 50220 | C110: Health Insurance | D110: =ROUNDUP((77547.68),0) -> 77548 | F110: =H110/J110 -> 0 | H110: =D110-J110 -> 0 | J110: =ROUNDUP((77547.68),0) -> 77548 | L110: =N110/P110 -> 0.98963465 | N110: =J110-P110 -> 38572 | P110: 38976
A111: 12023500 | B111: 50230 | C111: FICA Employer Costs | D111: =ROUNDUP((14798.04),0) -> 14799 | F111: =H111/J111 -> 0 | H111: =D111-J111 -> 0 | J111: =ROUNDUP((14798.04),0) -> 14799 | L111: =N111/P111 -> 0.61314585 | N111: =J111-P111 -> 5625 | P111: 9174
A112: 12023500 | B112: 50301 | C112: Office Supplies | D112: 3000 | F112: =H112/J112 -> 0 | H112: =D112-J112 -> 0 | J112: 3000 | L112: =N112/P112 -> 0 | N112: =J112-P112 -> 0 | P112: 3000
A113: ORG | B113: OBJ | C113: ACCOUNT DESCRIPTION | D113: FY24 Projected Managerial Budget Appropriation | F113: % Change between Department Head Budget Appropriation and Managerial Budget Appropriation | H113: $ Change between Department Head Budget Appropriation and Managerial Budget Appropriation | J113: FY24 Projected Department Head Budget Appropriation | L113: % Change between FY23 Approved Budget and FY24 Projected Department Head Budget | N113: $Amount Increase/(Decrease) FY23 Budget compared to FY24 Department Head Budget | P113: FY23 Approved Budget Appropriation
A114: 12023500 | B114: 50306 | C114: Postage | D114: 8000 | F114: =H114/J114 -> 0 | H114: =D114-J114 -> 0 | J114: 8000 | L114: =N114/P114 -> 0 | N114: =J114-P114 -> 0 | P114: 8000
A115: 12023500 | B115: 50401 | C115: Professional Development | D115: 1000 | F115: =H115/J115 -> 0 | H115: =D115-J115 -> 0 | J115: 1000 | L115: =N115/P115 -> 0.66666667 | N115: =J115-P115 -> 400 | P115: 600
...
